 Dungeon Crawl Stone Soup version 0.18.1-1-g2f07953 (webtiles) character file.

1603032 otab the Naga of Death (level 27, -4/285 HPs)
             Began as a Naga Fighter on May 5, 2016.
             Was the Champion of Makhleb.
             Slain by Vaopla Konk the pandemonium lord (25 damage)
             ... on level 25 of a ziggurat on May 6, 2016.
             The game lasted 08:29:37 (145673 turns).

otab the Naga of Death (Naga Fighter)             Turns: 145673, Time: 08:29:37

Health: -4/285     AC: 70    Str: 28    XL:     27
Magic:  77/77      EV: 13    Int: 20    God:    Makhleb [******]
Gold:   6651       SH: 39    Dex: 26    Spells: 6 memorised, 39 levels left

rFire  + + .     SeeInvis +     c - +9 double sword (elec)
rCold  + + .     Gourm    .     P - +8 orange crystal plate armour {Archmagi, Int+3 Clar SustAt}
rNeg   + + +     Faith    .     q - +18 shield of the gong {rElec rN+ MR+ EV-5}
rPois  ∞         Spirit   .     x - -2 hat of the Alchemist {rElec rPois rF+ rC+ rN+ MR+ rMut rCorr}
rElec  +         Dismiss  .     J - +1 cloak of the Forest {rN+ rCorr MP+9}
rCorr  +         Reflect  .     g - +1 pair of gloves of Cor Xeuf {*Contam Dex+5}
rMut   +         Harm     .     X - +6 lightning scales {run, rElec}
SustAt +         Clarity  +     F - amulet of Descent {+Rage rF+ MP+9 Dex+4 Slay+2}
MR     +++++                    Z - ring "Lenouklu" {Wiz Int+3}
Stlth  ..........               k - ring "Taesh" {rN+ Int+8}

@: about to teleport, lich-form, contaminated, hasted, glowing, deflect
missiles, quick, almost entirely resistant to hostile enchantments, extremely
unstealthy
A: stinger 1, iridescent scales 1, see invisible, deformed body, high mp 1,
poison resistance, slowness 2, slow metabolism 1, spit poison 2, subdued magic
1, constrict 1, AC +9
a: Spit Poison, End Transformation, Minor Destruction, Lesser Servant of
Makhleb, Major Destruction, Greater Servant of Makhleb, Renounce Religion
}: 10/15 runes: barnacled, slimy, silver, golden, obsidian, icy, abyssal,
demonic, dark, gossamer


You were on level 25 of a ziggurat.
You worshipped Makhleb.
Makhleb was exalted by your worship.
You were not hungry.
You were a lich.
You visited 16 branches of the dungeon, and saw 77 of its levels.
You visited Pandemonium 2 times, and saw 22 of its levels.
You visited the Abyss 3 times.
You visited 2 bazaars.
You visited 4 ziggurats (completing 2), and saw 92 of their levels.
You also visited: Labyrinth, Trove, Ossuary, Volcano and Wizlab.

You collected 17264 gold pieces.
You spent 6300 gold pieces at shops.
You donated 1925 gold pieces to Zin.

Inventory:

Hand Weapons
 c - a +9 double sword of electrocution (weapon)
 u - the +8 mithril axe "Arga" {speed, MR+ Str+2}
   (You found it on level 17 of a ziggurat)

   Attacks with this weapon are significantly faster.
   It affects your strength (+2).
   It affects your resistance to hostile enchantments.
 U - the +7 Sceptre of Torment
   (You found it on level 6 of the Pits of Slime)
Armour
 g - the +1 pair of gloves of Cor Xeuf (worn) {*Contam Dex+5}
   (You acquired it on level 5 of a ziggurat)

   It affects your dexterity (+5).
   It causes magical contamination when unequipped.
 m - the +3 shield of the World {rC- MR- Str+8 Dex+4}
   (You found it in a wizard's laboratory)

   It affects your strength (+8).
   It affects your dexterity (+4).
   It makes you vulnerable to cold.
   It affects your resistance to hostile enchantments.
 q - the +18 shield of the gong (worn) {rElec rN+ MR+ EV-5}
   (You found it on level 12 of a ziggurat)

   It affects your evasion (-5).
   It insulates you from electricity.
   It protects you from negative energy.
   It affects your resistance to hostile enchantments.
 x - the -2 hat of the Alchemist (worn) {rElec rPois rF+ rC+ rN+ MR+ rMut rCorr}
   (You found it in a wizard's laboratory)

   It protects you from fire.
   It protects you from cold.
   It insulates you from electricity.
   It protects you from poison.
   It protects you from negative energy.
   It affects your resistance to hostile enchantments.
   It protects you from acid and corrosion.
   It protects you from mutation.
 J - the +1 cloak of the Forest (worn) {rN+ rCorr MP+9}
   (You found it on level 11 of a ziggurat)

   It protects you from negative energy.
   It affects your magic capacity (+9).
   It protects you from acid and corrosion.
 P - the +8 orange crystal plate armour (worn) {Archmagi, Int+3 Clar SustAt}
   (You found it on level 8 of a ziggurat)

   It affects your intelligence (+3).
   It sustains your strength, intelligence and dexterity.
   It protects you against confusion.
 X - the +6 lightning scales (worn) {run, rElec}
   (You found it on level 6 of a ziggurat)

   It insulates you from electricity.
Magical Staves
 d - an uncursed staff of wizardry
Rods
 T - a +4 rod of clouds (14/14)
   (You found it on level 18 of a ziggurat)
Jewellery
 k - the ring "Taesh" (left hand) {rN+ Int+8}
   (You found it on level 3 of the Crypt)

   [ring of positive energy]

   It affects your intelligence (+8).
   It protects you from negative energy.
 F - the amulet of Descent (around neck) {+Rage rF+ MP+9 Dex+4 Slay+2}
   (You found it on level 22 of a ziggurat)

   [amulet of rage]

   It affects your dexterity (+4).
   It affects your accuracy and damage with ranged weapons and melee attacks
   (+2).
   It protects you from fire.
   It affects your magic capacity (+9).
   It lets you go berserk.
 I - the amulet "Zeimust" {Reflect Str+2 Dex+5 SH+3}
   (You found it in a treasure trove)

   [amulet of reflection]

   It shields you and reflects attacks.
   It affects your strength (+2).
   It affects your dexterity (+5).
   It affects your SH (+3).
 M - the amulet of Vitality {Regen+ HP+15}
   (You found it on level 13 of a ziggurat)

   [amulet of regeneration]

   It affects your health (+15).
   It increases your rate of regeneration.
 V - the ring of Immorality {rC+ Int+3}
   (You found it on level 6 of the Pits of Slime)

   [ring of protection from cold]

   It affects your intelligence (+3).
   It protects you from cold.
 Z - the ring "Lenouklu" (right hand) {Wiz Int+3}
   (You took it off an infernal demonspawn in Pandemonium)

   [ring of wizardry]

   It improves your spell success rate.
   It affects your intelligence (+3).
Wands
 a - a wand of heal wounds (4/9)
 v - a wand of hasting (0/9)
 w - a wand of teleportation (0/9)
 S - a wand of hasting (3/9)
Scrolls
 i - 56 scrolls of teleportation
 j - 8 scrolls of recharging
 s - 29 scrolls of fog
 t - 12 scrolls of blinking
 y - 13 scrolls of fear
 D - 68 scrolls of remove curse
 E - 24 scrolls of magic mapping
 H - 23 scrolls of enchant armour
 L - 4 scrolls of immolation
 O - 3 scrolls of summoning
 Q - 5 scrolls of torment
 W - 50 scrolls of identify
 Y - 9 scrolls of holy word
Potions
 l - 27 potions of curing
 p - 7 potions of flight
 r - 6 potions of brilliance
 z - 2 potions of heal wounds
 G - 26 potions of cure mutation
 N - 6 potions of magic
Miscellaneous
 b - a disc of storms
 e - a stone of tremors (inert)
 h - a fan of gales
 o - 2 phantom mirrors
 A - a lamp of fire
Comestibles
 B - 34 meat rations
 R - 92 fruits


   Skills:
 - Level 24.1 Fighting
 O Level 27 Long Blades
 - Level 6.8(8.2) Axes
   Level 7.1(8.4) Polearms
   Level 0.5 Crossbows
 O Level 27 Armour
 + Level 18.7 Dodging
 O Level 27 Shields
 O Level 27 Spellcasting
 + Level 15.9 Conjurations
 - Level 4.2 Charms
 O Level 27 Necromancy
 O Level 27 Translocations
 - Level 21.8 Transmutations
 + Level 16.0 Fire Magic
 O Level 27 Air Magic
 - Level 21.5 Invocations
 O Level 27 Evocations


You had 39 spell levels left.
You knew the following spells:

 Your Spells              Type           Power        Failure   Level  Hunger
a - Deflect Missiles      Chrm/Air       #######...   1%          6    N/A
b - Necromutation         Trmt/Necr      ########..   1%          8    N/A
c - Tornado               Air            ########..   11%         9    N/A
d - Controlled Blink      Tloc           N/A          1%          8    N/A
e - Apportation           Tloc           ########..   0%          1    N/A
f - Fire Storm            Conj/Fire      #######...   99%         9    N/A

Dungeon Overview and Level Annotations

Branches:
Dungeon (15/15)            Temple (1/1) D:4            Lair (8/8) D:9
 Shoals (4/4) Lair:3       Spider (4/4) Lair:3        Slime (6/6) Lair:8
    Orc (2/2) D:11            Elf (3/3) Orc:2        Vaults (5/5) D:13
  Crypt (3/3) Vaults:2       Tomb (3/3) Crypt:3      Depths (4/5) D:15
   Hell (1/1)                 Dis (4/7) Hell            Geh (7/7) Hell
    Coc (7/7) Hell            Tar (0/7) Hell

Altars:
Ashenzari
Cheibriados
Dithmenos
Elyvilon
Fedhas
Gozag
Kikubaaqudgha
Makhleb
Nemelex Xobeh
Okawaru
Pakellas
Qazlal
Ru
Sif Muna
Trog
Vehumet
Xom
Yredelemnul
Zin
The Shining One
Beogh
Jiyva
Lugonu

Shops:
D:14 ?   D:15 !?   Orc:1 !   Orc:2 (%?[[   Shoals:3 (   Vaults:4 :   Vaults:5 *

Portals:
Hell: Depths:1 Depths:2 Depths:3 Depths:4
Abyss: Depths:1 Depths:2 Depths:4
Pandemonium: Depths:2 Depths:3

Annotations:
D:5 grom234's ghost, novice DsIE
Lair:1 exclusion: oklob plant


Innate Abilities, Weirdness & Mutations

You cannot wear boots.
Your serpentine skin is tough (AC +9).
You have supernaturally acute eyesight.
Armour fits poorly on your strangely shaped body.
Your system is resistant to poisons.
You cover ground very slowly.
You have a slow metabolism.
You can spit poison.
You can use your snake-like lower body to constrict enemies.
Your tail ends in a poisonous barb.
You are partially covered in iridescent scales (AC +4).
You have an increased reservoir of magic (+10% MP).
Your spells are a little easier to cast, but a little less powerful.


Message History

PTOANNNG!
You block Vaopla Konk's attack.
GONNNNG!
Unknown command.
Unknown command.
Unknown command.
Evoke which item? (* to show all) (? for menu, Esc to quit)
Okay, then.
Evoke which item? (* to show all) (? for menu, Esc to quit)
Okay, then.
Evoke which item? (* to show all) (? for menu, Esc to quit)
Okay, then.
Read which item? (? for menu, Esc to quit)
Charge which item? (? for menu, Esc to quit)
As you read the scroll of recharging, it crumbles to dust.
Your wand of heal wounds (0/9) glows for a moment and now has 4 charges.
Zonuriec hits you but does no damage. You block Zonuriec's attack.
GONNNNG!
Vaopla Konk hits you!!
You die...

▓▓▓▓▓▓▓▓▓▓▓▓▓▓
▓4.....).§&&L†▓
▓4.§3..≈§§§2&&p≈▓
▓▓.&.Yp.≈§§§§§6&p≈†▓
▓▓J&..&.§≈§§§p§§††≈†/▓
▓.1.§&##.§§§p§2#≈†≈≈$=▓
b&&...##<§§≈≈≈..#≈.§))}▓
&.p....&§.≈≈≈.≈p≈w.|}/[$
..u...C§.≈≈..≈≈./≈≈!§$/?
..&..&..§. │ /


You could see Gyniari, Isumnuis, Luwocwasoi, Vaopla Konk, Zonuriec, 5 Killer
Klowns, an eldritch tentacle, a lorocyproca (invisible), an infernal chaos
champion and a hellion.

Vanquished Creatures
  Antaeus (Coc:7)
  Asmodeus (Geh:7)
  the Royal Jelly (Slime:6)
  Gloorx Vloq (Pan)
  Khufu (Crypt:2)
  20 ancient liches
  Mennas (Pan)
  18 juggernauts
  64 greater mummies
  81 pandemonium lords
  Sojobo (Tomb:3)
  38 shard shrikes
  Norris (Elf:3)
  15 Killer Klowns
  A curse toe (Crypt:3)
  Geryon (Hell)
  A caustic shrike (shapeshifter) (Zig:25)
  A caustic shrike (Zig:5)
  18 golden dragons
  23 Tzitzimimeh
  Jory (Depths:3)
  13 profane servitors
  32 bone dragons
  16 iron giants
  35 Brimstone Fiends
  48 Ice Fiends
  17 tentacled monstrosities
  42 liches
  Rupert (D:15)
  5 hellephants
  18 Hell Sentinels
  12 titans
  8 deep elf blademasters
  19 deep elf master archers
  4 quicksilver dragons
  3 quicksilver dragons (shapeshifter)
  45 Executioners
  Murray (Hell)
  4 eldritch tentacles
  The ghost of nikopol the Severer, an adept MiBe of Trog (Shoals:4)
  29 tentacled starspawn
  A sphinx (shapeshifter) (Zig:25)
  Gastronok (Lair:2)
  5 thorn hunters
  80 acid blobs
  15 sphinxes
  42 ancient champions
  2 krakens (Shoals:3)
  3 storm dragons
  13 draconian monks
  16 tengu reavers
  Roxanne (Spider:3)
  45 greater nagas
  8 shadow dragons
  32 azure jellies
  22 fire giants
  Ilsuiw (Shoals:4)
  Wiglaf (Vaults:1)
  2 frost giants (shapeshifter)
  19 daevas
  2 azure jellies (shapeshifter)
  34 revenants
  30 frost giants
  7 fire giants (shapeshifter)
  12 warmongers
  10 deep elf sorcerers
  11 draconian scorchers
  2 ghost moths (shapeshifter)
  27 ghost moths
  31 curse skulls
  11 draconian zealots
  23 vault wardens
  35 draconian knights
  38 cacodemons
  25 orc warlords
  28 corrupters
  An emperor scorpion (shapeshifter) (Zig:26)
  38 balrugs
  5 juggernaut zombies
  14 emperor scorpions
  17 ghouls
  5 caustic shrike zombies
  4 iron dragons
  21 angels
  11 draconian shifters
  2 spriggan defenders (Depths:4)
  8 deep elf elementalists
  21 draconian annihilators
  17 ironheart preservers
  35 very ugly things
  64 stone giants
  91 reapers
  2 caustic shrike skeletons
  2 juggernaut skeletons
  3 stone giants (shapeshifter)
  An apis (Zig:4)
  4 ophanim
  12 war gargoyles
  25 blood saints
  15 draconian callers
  The ghost of Lovchig the Cleaver, a journeyman MiFi of Nemelex Xobeh (Elf:1)
  24 deep elf demonologists
  9 purple draconians
  25 vampire knights
  3 apis (shapeshifter)
  5 elemental wellsprings
  A dire elephant (shapeshifter) (Zig:25)
  7 green draconians
  32 deep elf annihilators
  29 lorocyprocas
  5 white draconians
  19 bennus
  3 dire elephants
  16 chaos champions
  5 black draconians
  6 mottled draconians
  16 salamander stormcallers
  5 yellow draconians
  9 spark wasps
  9 red draconians
  73 blizzard demons
  20 ettins
  26 black suns
  34 deep elf death magi
  Josephine (D:11)
  19 eidola
  11 merfolk impalers
  A minotaur (shapeshifter) (Zig:12)
  65 mummy priests
  15 fire dragons
  8 quicksilver dragon zombies
  2 minotaurs
  43 green deaths
  24 death oozes
  17 merfolk javelineers
  A great orb of eyes (shapeshifter) (Vaults:3)
  25 great orbs of eyes
  26 ogre magi
  22 yaktaur captains
  Harold (D:11)
  4 kraken zombies
  15 deep elf high priests
  10 vault guards
  5 quicksilver dragon skeletons
  10 jiangshi
  A hydra (shapeshifter) (Zig:14)
  25 entropy weavers
  10 naga warriors
  4 ghost crabs
  A spectral shadow dragon (Zig:16)
  3 alligator snapping turtles (shapeshifter)
  13 rakshasas
  45 ice dragons
  4 catoblepae
  20 centaur warriors
  2 spectral tengu (Zig:16)
  30 hydras
  9 hell beasts
  16 monstrous demonspawn (Pan)
  A juggernaut simulacrum (Zig:21)
  An alligator (shapeshifter) (Zig:20)
  A catoblepas (shapeshifter) (Zig:25)
  10 spriggan air magi
  9 merfolk aquamancers
  7 anacondas
  41 dancing weapons
  13 death knights
  3 iron giant zombies
  10 deep troll shamans
  4 queen ants
  11 death yaks
  2 satyrs (shapeshifter)
  18 satyrs
  2 alligator snapping turtles
  3 queen ants (shapeshifter)
  11 tengu warriors
  7 alligators
  16 titan zombies
  42 hell hogs
  37 vampire magi
  7 deep troll earth magi
  Urug (Lair:4)
  20 naga sharpshooters
  48 orc high priests
  2 shock serpents (shapeshifter)
  6 spriggan berserkers
  7 titan skeletons
  50 thrashing horrors
  87 soul eaters
  A hellephant skeleton (Crypt:1)
  An iron golem (Hell)
  9 shock serpents
  85 sun demons
  46 hell knights
  37 deep elf knights
  10 storm dragon zombies
  3 iron trolls (shapeshifter)
  98 skeletal warriors
  3 salamander mystics
  52 wretched stars
  A fire crab (shapeshifter) (Vaults:2)
  2 iron giant skeletons
  15 wizards
  2 spark wasp zombies
  4 fire crabs
  2 sea snakes (shapeshifter)
  32 shadow wraiths
  An unseen horror (shapeshifter) (Elf:1)
  A death drake (shapeshifter) (Zig:11)
  112 death scarabs
  2 ghost moth zombies
  10 sea snakes
  5 cherubim
  22 iron trolls
  5 naga ritualists
  2 deep trolls (shapeshifter)
  34 flayed ghosts
  16 infernal demonspawn (Pan)
  11 spatial maelstroms
  12 storm dragon skeletons
  10 unseen horrors
  28 deep trolls
  40 shadow demons
  22 torturous demonspawn (Pan)
  14 golden dragon zombies
  12 anaconda zombies
  55 small abominations
  12 hill giants
  37 deep elf archers
  14 swamp dragons
  10 gelid demonspawn (Pan)
  12 giant orange brains
  3 kraken simulacra
  20 death drakes
  2 hill giants (shapeshifter)
  12 putrid demonspawn (Pan)
  29 necromancers
  14 anaconda skeletons
  35 anubis guards
  An anubis guard (shapeshifter) (Zig:6)
  21 shambling mangroves
  A swamp dragon (shapeshifter) (Zig:26)
  24 orc knights
  5 sphinx zombies
  131 deep elf magi
  23 ironbrand convokers
  2 mana vipers (shapeshifter)
  A spectral wolf spider (Spider:4)
  5 golden dragon skeletons
  9 frost giant zombies
  20 ugly things
  3 harpies (shapeshifter)
  17 phantasmal warriors
  10 wolf spider zombies
  26 harpies
  6 oklob plants (Zig:14)
  8 mana vipers
  An orb spider (shapeshifter) (D:14)
  19 cyclopes
  7 salamanders
  10 fire giant zombies
  50 sixfirhies
  43 orb spiders
  4 shadow dragon skeletons
  31 orc sorcerers
  17 griffons
  15 worldbinders
  2 fauns (shapeshifter)
  6 shadow dragon zombies
  5 stone giant zombies
  A cyclops (shapeshifter) (Zig:11)
  14 manticores
  A moth of wrath (shapeshifter) (Zig:9)
  24 hornets
  8 fauns
  10 iron dragon zombies
  40 wolf spiders
  23 shining eyes
  2 hornets (shapeshifter)
  2 sphinx skeletons
  A manticore (shapeshifter) (Zig:25)
  4 iron dragon skeletons
  9 fire giant skeletons
  23 moths of wrath
  5 stone giant skeletons
  2 salamanders (shapeshifter)
  7 sirens
  4 octopodes (shapeshifter)
  17 elephants
  5 frost giant skeletons
  34 black mambas
  4 dire elephant zombies
  19 vault sentinels
  14 guardian serpents
  2 shock serpent zombies
  An octopode (Vaults:5)
  2 iron giant simulacra
  34 apocalypse crabs
  A black mamba (shapeshifter) (Zig:11)
  2 guardian serpents (shapeshifter)
  An alligator snapping turtle zombie (Crypt:1)
  2 ice statues
  35 rust devils
  104 smoke demons
  A gargoyle (D:13)
  17 naga magi
  An elephant slug zombie (Crypt:3)
  14 water nymphs
  9 molten gargoyles
  3 dire elephant skeletons
  5 spectral swamp worms (Depths:3)
  17 eyes of devastation
  2 emperor scorpion zombies
  35 orange demons
  7 torpor snails
  A shock serpent skeleton (Crypt:3)
  17 spiny frogs
  An eye of devastation (shapeshifter) (Zig:25)
  3 storm dragon simulacra
  8 elf skeletons
  2 catoblepas zombies
  8 komodo dragons
  2 alligator snapping turtle skeletons (Coc:6)
  2 komodo dragons (shapeshifter)
  59 hellions
  A rime drake (shapeshifter) (Depths:4)
  3 spriggan zombies
  39 freezing wraiths
  37 hellwings
  A kobold demonologist (Abyss:4)
  9 rime drakes
  14 efreet
  37 yaktaurs
  A yaktaur (shapeshifter) (Vaults:4)
  59 tormentors
  4 anaconda simulacra
  63 demonic crawlers
  2 golden dragon simulacra
  8 catoblepas skeletons
  62 ice devils
  2 queen bees
  3 tengu conjurers
  A spectral glowing shapeshifter (Zig:16)
  3 spectral redbacks (Spider:4)
  8 spriggan druids
  103 guardian mummies
  61 red devils
  A minotaur zombie (Crypt:2)
  58 jumping spiders
  10 trolls
  14 polar bears
  A polar bear (shapeshifter) (Zig:20)
  39 ancient zymes
  20 hydra zombies
  34 merfolk
  4 giant leeches
  A jumping spider (shapeshifter) (Zig:4)
  6 harpy zombies
  A merfolk (shapeshifter) (Zig:20)
  3 shadow dragon simulacra
  A spectral hornet (Spider:4)
  8 wind drakes
  A queen bee (shapeshifter) (Zig:25)
  12 alligator zombies
  37 ushabtiu
  9 ice dragon zombies
  A slime creature (shapeshifter) (Zig:6)
  17 boulder beetles
  2 spectral jumping spiders (Spider:4)
  A wind drake (shapeshifter) (Zig:12)
  35 two-headed ogres
  17 bog bodies
  A fire giant simulacrum (Depths:4)
  2 frost giant simulacra
  5 spectral tarantellas (Spider:4)
  2 stone giant simulacra
  5 harpy skeletons
  5 iron dragon simulacra
  37 blink frogs
  17 hydra skeletons
  18 snapping turtles
  3 blink frogs (shapeshifter)
  123 slime creatures
  A snapping turtle (shapeshifter) (Zig:20)
  2 tarantella zombies (Spider:4)
  7 fire dragon skeletons
  46 raiju
  4 ettin zombies
  4 fire dragon zombies
  6 ice dragon skeletons
  157 large abominations
  2 jumping spider zombies (Spider:4)
  188 flying skulls
  100 redbacks
  2 ettin skeletons
  A redback (shapeshifter) (Zig:26)
  14 spriggans
  A griffon skeleton (Crypt:3)
  14 wyverns
  32 shadows
  49 tarantellas
  203 starcursed masses
  3 alligator skeletons
  A black mamba zombie (Geh:5)
  A tarantella (shapeshifter) (Zig:25)
  A spriggan (shapeshifter) (Vaults:3)
  28 water elementals
  A fire bat (shapeshifter) (Vaults:5)
  31 fire elementals
  2 yaks (shapeshifter)
  48 wraiths
  27 air elementals
  2 vampires
  A dire elephant simulacrum (Coc:1)
  2 humans (shapeshifter)
  2 spriggan simulacra
  71 yaks
  105 ynoxinuls
  8 basilisks
  3 black mamba skeletons
  19 hippogriffs
  6 golden eyes
  2 golden eyes (shapeshifter)
  19 vampire mosquitoes
  2 fire bats (Volcano)
  66 neqoxecs
  5 hungry ghosts
  The ghost of Yehuk the Archer, an amateur CeHu (D:3)
  63 chaos spawn
  3 steam dragons
  3 hippogriffs (shapeshifter)
  Menkaure (D:7)
  27 insubstantial wisps
  A mottled dragon (shapeshifter) (Zig:20)
  14 spatial vortices
  A swamp worm (Vaults:3)
  2 merfolk zombies
  9 nagas
  A warg (shapeshifter) (Vaults:3)
  A monstrous demonspawn zombie (Geh:1)
  12 wargs
  2 mottled dragons (Volcano)
  2 harpy simulacra
  A torturous demonspawn zombie (Crypt:1)
  5 soldier ants (Lair:3)
  2 swamp worms (shapeshifter)
  4 hydra simulacra
  A gelid demonspawn zombie (Crypt:2)
  17 water moccasins
  2 giant eyeballs (shapeshifter)
  66 hell hounds
  19 porcupines
  2 porcupines (shapeshifter)
  15 spiny frog zombies
  6 giant eyeballs
  7 spiny frog skeletons
  8 swamp drakes
  An ettin simulacrum (Crypt:1)
  A merfolk skeleton (Coc:2)
  3 snapping turtle zombies
  28 ice beasts
  72 orc warriors
  2 black bears (shapeshifter) (Depths:4)
  An eye of draining (shapeshifter) (Vaults:1)
  12 necrophages
  94 ogres
  4 black bears
  A sky beast (D:13)
  34 wasps
  An alligator simulacrum (Coc:7)
  10 phantoms
  39 wolves
  8 boggarts
  35 eyes of draining
  3 swamp dragon zombies
  2 tengu
  26 centaurs
  An ice dragon simulacrum (Coc:7)
  An ogre (shapeshifter) (Vaults:5)
  5 manticore skeletons
  A lindwurm skeleton (Crypt:1)
  3 swamp dragon skeletons
  6 snapping turtle skeletons
  21 crocodiles
  2 elf simulacra (Zig:22)
  A yaktaur zombie (Crypt:1)
  6 big kobolds
  23 giant frogs
  10 elf zombies
  A gnoll sergeant (D:9)
  A spiny frog simulacrum (Coc:4)
  A hell hound zombie (Crypt:3)
  A glowing shapeshifter simulacrum (Zig:18)
  14 earth elementals
  A water moccasin skeleton (D:8)
  2 wyvern skeletons
  3 scorpions
  A warg zombie (Crypt:3)
  4 human simulacra
  12 killer bees
  A manticore simulacrum (Coc:7)
  A swamp dragon simulacrum (Crypt:1)
  86 wights
  8 spriggan skeletons
  3 electric eels
  2 howler monkeys (D:6)
  A wasp zombie (D:13)
  15 crimson imps
  2 giant frog zombies
  3 quasits
  2 centaur zombies (Ossuary)
  6 human zombies
  18 iron imps
  98 jellies
  31 orc priests
  5 hounds
  2 giant frog skeletons
  A gnoll shaman (D:5)
  27 orc wizards
  2 centaur skeletons
  6 human skeletons
  Jessica (D:3)
  A two-headed ogre skeleton (Crypt:2)
  10 iguanas
  17 worker ants
  A lightning spire (Zig:13)
  A tengu simulacrum (Zig:6)
  2 killer bee zombies
  3 big kobold zombies (Ossuary)
  33 sheep
  4 tengu zombies
  A naga zombie (Crypt:3)
  A naga skeleton (Crypt:1)
  4 ogre skeletons
  4 tengu skeletons
  2 hound zombies
  200 mummies
  2 worker ant zombies
  16 adders
  11 gnolls
  85 river rats
  2 shadow imps
  30 white imps
  6 ufetubi
  A lava snake zombie (Crypt:3)
  An adder skeleton (D:6)
  An adder zombie (D:9)
  2 dart slugs
  8 giant geckos
  94 orcs
  A ball python (shapeshifter) (Vaults:5)
  4 giant cockroaches
  7 goblins
  6 hobgoblins
  7 jackals
  6 quokkas
  3 ball pythons
  6 bats
  11 giant newts
  A goblin zombie (Ossuary)
  3 hobgoblin zombies
  2 jackal skeletons
  23 kobolds
  A kobold skeleton (Coc:2)
  An orc skeleton (D:6)
  3 orc zombies
  5 rats
  8 briar patches
  7 crawling corpses
  6 fire vortices
  2 lurking horrors
  A pillar of salt (Zig:23)
  A plant (Volcano)
  24 starspawn tentacles
  2 starspawn tentacle segments
  12 tentacles
9448 creatures vanquished.

Vanquished Creatures (collateral kills)
  2 pandemonium lords
  A caustic shrike (Depths:4)
  A bone dragon (Zig:23)
  2 Brimstone Fiends (Pan)
  A titan (Vaults:5)
  4 acid blobs (Zig:13)
  2 azure jellies
  A shadow dragon (Vaults:5)
  A frost giant (shapeshifter) (Zig:25)
  A cacodemon (WizLab)
  2 deep elf elementalists (Elf:3)
  2 reapers
  An ironheart preserver (Vaults:5)
  2 stone giants
  A war gargoyle (Vaults:5)
  A white draconian (Zig:12)
  A dire elephant (Vaults:5)
  A chaos champion (Pan)
  A mottled draconian (Zig:12)
  2 ettins (Zig:26)
  A purple draconian (Zig:12)
  A merfolk impaler (Shoals:4)
  A death ooze (Slime:6)
  A green death (WizLab)
  An ogre mage (Vaults:4)
  An entropy weaver (Zig:27)
  A great orb of eyes (Zig:13)
  A hydra (Lair:6)
  3 merfolk aquamancers (Shoals:4)
  A merfolk avatar (Shoals:4)
  2 centaur warriors (D:13)
  An orc high priest (Orc:2)
  4 death yaks
  3 soul eaters
  Nergalle (Lair:3)
  A sun demon (Pan)
  2 shadow wraiths
  3 death scarabs
  A skeletal warrior (Crypt:2)
  A giant orange brain (Zig:25)
  A naga ritualist (Zig:10)
  A deep elf archer (Zig:19)
  2 hill giants
  A torturous demonspawn (Pan)
  2 spectral wolf spiders (Spider:4)
  2 orc knights (Orc:2)
  A deep elf mage (Elf:3)
  A faun (Shoals:3)
  2 shining eyes (Zig:25)
  2 orb spiders
  A cyclops (Shoals:4)
  A manticore (Shoals:3)
  A griffon (shapeshifter) (Zig:9)
  A sixfirhy (Pan)
  2 black mambas
  An eye of devastation (Zig:25)
  A salamander (Zig:10)
  A siren (Shoals:4)
  4 elephants
  Joseph (D:7)
  An apocalypse crab (Zig:9)
  2 orange demons (Pan)
  3 smoke demons (Pan)
  A spectral redback (Spider:4)
  A rime drake (shapeshifter) (Vaults:5)
  A guardian mummy (Zig:6)
  An ice devil (WizLab)
  A red devil (Depths:4)
  A queen bee (Vaults:1)
  A troll (Zig:24)
  A two-headed ogre (shapeshifter) (Vaults:5)
  An ushabti (Zig:6)
  A spectral jumping spider (Spider:4)
  A two-headed ogre (D:10)
  3 merfolk
  A spectral tarantella (Spider:4)
  A boulder beetle (Spider:1)
  15 slime creatures
  2 blink frogs
  A raiju (Abyss:4)
  A spriggan zombie (Zig:6)
  2 air elementals
  A tarantella zombie (Spider:4)
  A flying skull (Zig:6)
  2 ynoxinuls (Pan)
  4 large abominations (Pan)
  4 yaks
  2 steam dragons
  A golden eye (Slime:5)
  6 neqoxecs
  4 chaos spawn
  A wind drake skeleton (Crypt:2)
  A naga (Zig:10)
  A mottled dragon (D:12)
  A water moccasin (Lair:3)
  A tengu skeleton (Zig:6)
  A porcupine (Lair:3)
  6 eyes of draining
  4 orc warriors
  A phantom (D:11)
  A swamp dragon zombie (Crypt:2)
  2 ogres
  3 centaurs (D:13)
  A crocodile (D:8)
  4 giant frogs
  An earth elemental (Abyss:4)
  A crimson imp (Depths:4)
  2 starcursed masses
  11 jellies
  8 orc priests (Orc:2)
  3 worker ants
  An orc wizard (D:9)
  A sheep (Shoals:3)
  3 river rats
  10 orcs
  A tentacle (Shoals:3)
228 creatures vanquished.

Vanquished Creatures (others)
  An ancient lich (Zig:20)
  2 golden dragons
  A profane servitor (Zig:12)
  A lich (Tomb:2)
  A hellephant (Abyss:4)
  A deep elf blademaster (Zig:19)
  A titan (Tomb:2)
  6 eldritch tentacles
  4 deep elf master archers
  A thorn hunter (Zig:15)
  An Executioner (Zig:24)
  2 tengu reavers (Zig:20)
  A revenant (Tomb:2)
  A greater naga (Zig:20)
  A ghost moth (Zig:27)
  A deep elf sorcerer (Zig:20)
  4 draconian knights (Zig:20)
  A vault warden (Vaults:5)
  2 draconian scorchers
  2 warmongers
  A chaos champion (Zig:9)
  A cacodemon (Pan)
  3 draconian annihilators
  A corrupter (Pan)
  3 bennus
  2 reapers
  2 elemental wellsprings
  4 stone giants
  A deep elf demonologist (Elf:3)
  2 blood saints
  A vampire knight (Zig:15)
  2 purple draconians
  2 deep elf annihilators (Zig:19)
  3 blizzard demons
  5 merfolk javelineers
  A deep elf high priest (Zig:19)
  A deep elf death mage (Zig:19)
  2 merfolk impalers
  A mummy priest (Tomb:2)
  2 green deaths
  3 yaktaur captains
  4 hydras
  A hell beast (Zig:24)
  An entropy weaver (Zig:27)
  2 alligators
  2 centaur warriors
  4 dancing weapons (Zig:19)
  4 hell hogs
  A satyr (Shoals:4)
  2 thrashing horrors
  A shock serpent (Zig:17)
  2 naga sharpshooters
  2 deep elf knights
  A sun demon (Pan)
  A wretched star (Zig:23)
  A storm dragon zombie (Zig:17)
  A spatial maelstrom (Abyss:4)
  3 death drakes
  A spriggan druid (Zig:15)
  A swamp dragon (Zig:21)
  9 deep elf archers
  An orc knight (Vaults:3)
  3 deep elf magi
  A fire giant zombie (Geh:2)
  2 ugly things
  A wolf spider (Spider:4)
  A hornet (Zig:19)
  2 orb spiders
  2 salamanders
  3 cyclopes
  A black mamba (Zig:17)
  4 large abominations
  A smoke demon (Pan)
  A spiny frog (Zig:15)
  A tormentor (Zig:8)
  17 yaktaurs
  An ice devil (Coc:7)
  A guardian mummy (Tomb:2)
  A jumping spider (Zig:11)
  2 giant leeches
  A two-headed ogre (Vaults:5)
  A merfolk (Slime:4)
  A griffon zombie (Crypt:1)
  A slime creature (Zig:15)
  3 ushabtiu
  8 raiju
  4 air elementals
  8 flying skulls
  A redback (Zig:27)
  A shadow (Geh:1)
  A spriggan (Zig:21)
  3 fire elementals
  3 golden eyes
  7 water elementals
  A hippogriff (shapeshifter) (Zig:22)
  7 small abominations
  2 chaos spawn
  2 spatial vortices (Abyss:4)
  An insubstantial wisp (Zig:15)
  4 nagas
  A warg (Zig:8)
  A hell hound (Geh:2)
  A hydra simulacrum (Abyss:4)
  4 swamp drakes
  5 orc warriors
  A swamp dragon zombie (Geh:7)
  5 wasps
  3 ogres
  An alligator simulacrum (Abyss:4)
  A starcursed mass (Zig:23)
  A centaur (Shoals:3)
  A centaur (shapeshifter) (Vaults:5)
  5 wights
  A quasit (Abyss:4)
  An orc priest (Orc:2)
  6 mummies
  A shadow imp (Abyss:4)
  16 ball lightnings (Depths:1)
  2 orcs (Orc:2)
  A bush (Zig:20)
  A crawling corpse (Zig:19)
  471 eldritch tentacle segments
  2 fire vortices (Abyss:4)
  30 fungi
  3 lost souls
  5 lurking horrors (Abyss:4)
  A pillar of salt (Zig:23)
  47 plants
  41 starspawn tentacles
  423 starspawn tentacle segments
  35 tentacles
  720 tentacle segments
2065 creatures vanquished.

Grand Total: 11741 creatures vanquished

Notes
Turn   | Place    | Note
--------------------------------------------------------------
     0 | D:1      | otab the Naga Fighter began the quest for the Orb.
     0 | D:1      | Reached XP level 1. HP: 21/21 MP: 1/1
   295 | D:1      | Reached XP level 2. HP: 20/28 MP: 2/2
   910 | D:2      | Reached XP level 3. HP: 34/34 MP: 3/3
   980 | D:2      | Found a burning altar of Makhleb.
  1100 | D:2      | Reached XP level 4. HP: 27/42 MP: 4/4
  1372 | D:2      | Found a faded altar to an unknown god.
  1402 | D:2      | Became a worshipper of Nemelex Xobeh the Trickster
  1402 | D:2      | Received a gift from Nemelex Xobeh
  1402 | D:2      | Reached * piety under Nemelex Xobeh
  1402 | D:2      | Received a gift from Nemelex Xobeh
  1547 | D:2      | Found a shadowy altar of Dithmenos.
  1872 | D:2      | Reached skill level 1 in Dodging
  2047 | D:3      | Noticed Yehuk's ghost (amateur CeHu)
  2061 | D:3      | Killed Yehuk's ghost
  2061 | D:3      | Reached skill level 1 in Evocations
  2061 | D:3      | Reached XP level 5. HP: 19/50 MP: 5/5
  2231 | D:3      | Reached XP level 6. HP: 53/57 MP: 7/7
  2455 | D:3      | Noticed Jessica
  2464 | D:3      | Killed Jessica
  2984 | D:4      | Reached ** piety under Nemelex Xobeh
  3070 | D:4      | Noticed a phantom
  3098 | D:4      | Killed a phantom
  3431 | D:4      | Reached XP level 7. HP: 40/63 MP: 8/8
  3542 | D:4      | Found a staircase to the Ecumenical Temple.
  3708 | D:5      | Entered Level 5 of the Dungeon
  3918 | D:5      | Noticed grom234's ghost (novice DsIE)
  4175 | D:5      | HP: 2/64 [grom234's ghost/Freeze (13)]
  4700 | D:5      | Received a gift from Nemelex Xobeh
  5074 | D:6      | Found a sand-covered staircase.
  5080 | Ossuary  | Entered an ossuary
  5517 | Ossuary  | Reached XP level 8. HP: 59/72 MP: 8/10
  5597 | D:6      | Received a gift from Nemelex Xobeh
  5659 | D:6      | Reached skill level 5 in Long Blades
  5787 | D:6      | Reached *** piety under Nemelex Xobeh
  6577 | D:6      | Reached skill level 5 in Fighting
  6874 | D:6      | Reached XP level 9. HP: 64/81 MP: 11/11
  7416 | D:7      | Noticed Joseph
  7438 | D:7      | HP: 4/81 [Joseph/uncursed quarterstaff (15)]
  7441 | D:7      | Killed Joseph
  7785 | D:7      | Reached skill level 5 in Armour
  7825 | D:7      | Received a gift from Nemelex Xobeh
  8058 | D:7      | Reached skill level 5 in Shields
  8085 | D:7      | Noticed Menkaure
  8088 | D:7      | Killed Menkaure
  8201 | D:7      | Noticed a troll
  8224 | D:7      | Killed a troll
  8224 | D:7      | Reached skill level 5 in Evocations
  8803 | D:7      | Found a snail-covered altar of Cheibriados.
  8989 | D:5      | Reached XP level 10. HP: 84/91 MP: 13/13
  9541 | D:8      | Received a gift from Nemelex Xobeh
  9924 | D:8      | Got a shimmering iron amulet
 10247 | D:8      | Received a gift from Nemelex Xobeh
 10262 | D:8      | Noticed Grum
 10281 | D:8      | Noticed Grum
 10281 | D:8      | Grum changed into Grum the sheep
 10289 | D:8      | Killed Grum the sheep
 10659 | D:8      | Noticed Erica
 10660 | D:8      | Noticed Erica
 10660 | D:8      | Erica changed into Erica the cyclops
 10661 | D:8      | Noticed Erica
 10661 | D:8      | Erica the cyclops changed into Erica the ogre
 10665 | D:8      | Killed Erica the ogre
 10731 | D:9      | Reached **** piety under Nemelex Xobeh
 11391 | D:9      | Found an opulent altar of Gozag.
 11983 | D:9      | Received a gift from Nemelex Xobeh
 12364 | D:9      | Found a staircase to the Lair.
 12389 | D:9      | Reached XP level 11. HP: 99/99 MP: 15/15
 12441 | D:10     | Entered Level 10 of the Dungeon
 12473 | D:10     | Identified the amulet of Xom's Fair Game {Gourm rPois rC+ Slay+3} (You found it on level 8 of the Dungeon)
 12687 | D:10     | Noticed a hill giant
 12695 | D:10     | Killed a hill giant
 12697 | D:10     | Received a gift from Nemelex Xobeh
 13190 | D:10     | Found a portal to a secret trove of treasure.
 13387 | D:11     | Received a gift from Nemelex Xobeh
 13401 | D:11     | Noticed a hill giant
 13838 | Lair:1   | Entered Level 1 of the Lair of Beasts
 14075 | Lair:1   | Reached skill level 10 in Long Blades
 14108 | Lair:1   | Noticed an oklob plant
 14313 | Lair:1   | Received a gift from Nemelex Xobeh
 14319 | Lair:1   | Reached ***** piety under Nemelex Xobeh
 15065 | Lair:1   | Found a basalt altar of Yredelemnul.
 15881 | Lair:2   | Reached XP level 12. HP: 63/109 MP: 17/17
 16127 | Lair:2   | Received a gift from Nemelex Xobeh
 16751 | Lair:2   | Noticed Gastronok
 16763 | Lair:2   | Killed Gastronok
 17575 | Lair:3   | Found a hole to the Spider Nest.
 17590 | Lair:3   | Gained mutation: You are agile. (Dex +2) [potion of beneficial mutation]
 17594 | Lair:3   | Gained mutation: You occasionally shout uncontrollably at your foes. [potion of mutation]
 17594 | Lair:3   | Gained mutation: Your flesh is cold resistant. [potion of mutation]
 18315 | Lair:3   | Noticed Nergalle
 18324 | Lair:3   | Noticed a seven-headed hydra
 18337 | Lair:3   | Killed a two-headed hydra
 18341 | Lair:3   | Killed Nergalle
 18397 | Lair:3   | Received a gift from Nemelex Xobeh
 18467 | Lair:3   | Noticed a queen ant
 18491 | Lair:3   | Killed a queen ant
 18491 | Lair:3   | Gained mutation: You can use your snake-like lower body to constrict enemies. [Naga growth]
 18491 | Lair:3   | Reached XP level 13. HP: 47/120 MP: 19/19
 19033 | Lair:3   | Found a staircase to the Shoals.
 19121 | Lair:3   | Received a gift from Nemelex Xobeh
 19560 | Lair:4   | Found a basalt altar of Yredelemnul.
 19825 | Lair:4   | Received a gift from Nemelex Xobeh
 19894 | Lair:4   | Gained mutation: You are occasionally teleported next to monsters. [potion of mutation]
 19894 | Lair:4   | Gained mutation: Your movements are slightly less encumbered by armour (ER -2). [potion of mutation]
 19894 | Lair:4   | Gained mutation: You expend magic power (3 MP) to strengthen your wands. [potion of mutation]
 19935 | Lair:4   | Noticed Urug
 19944 | Lair:4   | Killed Urug
 20012 | Lair:4   | Gained mutation: You regenerate slowly when monsters are visible. [potion of mutation]
 20012 | Lair:4   | Gained mutation: You are covered in fur (AC +1). [potion of mutation]
 20012 | Lair:4   | Gained mutation: Your body sometimes deteriorates upon taking damage. [potion of mutation]
 20013 | Lair:4   | Lost mutation: You are occasionally teleported next to monsters. [potion of cure mutation]
 20013 | Lair:4   | Lost mutation: You regenerate slowly when monsters are visible. [potion of cure mutation]
 20013 | Lair:4   | Lost mutation: Your body sometimes deteriorates upon taking damage. [potion of cure mutation]
 20013 | Lair:4   | Lost mutation: You expend magic power (3 MP) to strengthen your wands. [potion of cure mutation]
 20013 | Lair:4   | Lost mutation: Your movements are slightly less encumbered by armour (ER -2). [potion of cure mutation]
 20013 | Lair:4   | Lost mutation: You are agile. (Dex +2) [potion of cure mutation]
 20637 | Lair:5   | Found a dark tunnel.
 20639 | Lair:5   | Received a gift from Nemelex Xobeh
 20647 | Volcano  | Entered a volcano
 21037 | Volcano  | Noticed a fire dragon
 21049 | Volcano  | Killed a fire dragon
 21722 | Lair:5   | Received a gift from Nemelex Xobeh
 22150 | Lair:5   | Reached XP level 14. HP: 130/130 MP: 21/21
 22455 | Lair:5   | Received a gift from Nemelex Xobeh
 22776 | Lair:6   | Received a gift from Nemelex Xobeh
 23500 | Lair:6   | Reached skill level 10 in Fighting
 23500 | Lair:6   | Reached skill level 10 in Evocations
 23832 | Lair:7   | Got a bloodstained robe
 23843 | Lair:7   | Identified the cursed +0 robe "Pojanug" {-Tele rF++} (You found it on level 7 of the Lair of Beasts)
 24071 | Lair:7   | Received a gift from Nemelex Xobeh
 24935 | Lair:7   | Received a gift from Nemelex Xobeh
 24942 | Lair:7   | Reached skill level 15 in Long Blades
 25169 | Lair:8   | Entered Level 8 of the Lair of Beasts
 25265 | Lair:8   | Reached skill level 5 in Dodging
 25398 | Lair:8   | Reached XP level 15. HP: 41/140 MP: 22/22
 25694 | Lair:8   | Reached skill level 10 in Armour
 25788 | Lair:8   | Found a staircase to the Slime Pits.
 25789 | Lair:8   | Found a viscous altar of Jiyva.
 26106 | Lair:8   | Received a gift from Nemelex Xobeh
 26121 | Lair:8   | Noticed an emperor scorpion
 26121 | Lair:8   | a death yak changed into an emperor scorpion
 26139 | Lair:7   | Killed an emperor scorpion
 27256 | Lair:8   | Got a shimmering spear
 27257 | Lair:8   | Identified the +12 spear "Xyeffier" {flame, MR+ Dex+6} (You found it on level 8 of the Lair of Beasts)
 27315 | Lair:8   | Reached skill level 1 in Polearms
 27421 | Lair:8   | Reached ****** piety under Nemelex Xobeh
 27864 | D:11     | Noticed Harold
 27872 | D:11     | Killed Harold
 27919 | D:11     | Found a staircase to the Orcish Mines.
 27945 | D:11     | Received a gift from Nemelex Xobeh
 28011 | D:11     | Noticed Josephine
 28025 | D:11     | Killed Josephine
 28430 | D:11     | Gained mutation: You are covered in thick fur (AC +2). [mutagenic meat]
 29266 | D:12     | Received a gift from Nemelex Xobeh
 29935 | D:13     | Reached XP level 16. HP: 142/151 MP: 24/24
 30203 | D:13     | Received a gift from Nemelex Xobeh
 30324 | D:13     | Reached skill level 5 in Polearms
 30519 | D:13     | Found a gate to the Vaults.
 30537 | D:13     | Received a gift from Nemelex Xobeh
 30795 | D:14     | Found Ydiyntop's Magic Scroll Shop.
 30809 | D:14     | Bought a scroll of identify for 24 gold pieces
 30809 | D:14     | Bought a scroll of blinking for 90 gold pieces
 30809 | D:14     | Bought a scroll of identify for 24 gold pieces
 30809 | D:14     | Bought a scroll of identify for 24 gold pieces
 30890 | D:14     | Found a labyrinth entrance.
 30896 | Lab      | Entered a labyrinth
 31480 | Lab      | Got a jewelled leather armour
 31491 | Lab      | Identified the +1 leather armour "Gasoenn" {rPois rC+ MP-9} (You found it in a labyrinth)
 31855 | D:14     | Received a gift from Nemelex Xobeh
 32197 | D:14     | Received a gift from Nemelex Xobeh
 32353 | D:14     | Found a blossoming altar of Fedhas.
 32489 | D:15     | Entered Level 15 of the Dungeon
 32489 | D:15     | Found Xiocvaot's Distillery.
 32492 | D:15     | Bought a potion of mutation for 32 gold pieces
 32496 | D:15     | Gained mutation: You are agile. (Dex +2) [potion of mutation]
 32496 | D:15     | Gained mutation: You are partially covered in large bone plates (AC +2, SH +2). [potion of mutation]
 32496 | D:15     | Gained mutation: You possess an exceptional clarity of mind. [potion of mutation]
 32504 | D:15     | Found Tyacreq's Magic Scroll Shoppe.
 32543 | D:15     | Bought a scroll of identify for 28 gold pieces
 32543 | D:15     | Bought 2 scrolls of identify for 56 gold pieces
 32543 | D:15     | Bought 2 scrolls of identify for 56 gold pieces
 32552 | D:15     | Bought a scroll of enchant weapon for 105 gold pieces
 32552 | D:15     | Bought a scroll of enchant weapon for 105 gold pieces
 32556 | D:15     | Bought a scroll of brand weapon for 280 gold pieces
 32607 | D:15     | Noticed Rupert
 32616 | D:15     | Killed Rupert
 32761 | D:15     | Received a gift from Nemelex Xobeh
 32940 | D:15     | Found a staircase to the Depths.
 33382 | Orc:1    | Entered Level 1 of the Orcish Mines
 33434 | Orc:1    | Found Suden's Distillery.
 33443 | Orc:1    | Bought a potion of curing for 45 gold pieces
 33443 | Orc:1    | Bought a potion of might for 60 gold pieces
 33911 | Orc:1    | Received a gift from Nemelex Xobeh
 34120 | Orc:2    | Entered Level 2 of the Orcish Mines
 34162 | Orc:2    | Found a staircase to the Elven Halls.
 34286 | Orc:2    | Found Moacups's Magic Scroll Emporium.
 34287 | Orc:2    | Received a gift from Nemelex Xobeh
 34363 | Orc:2    | Bought a scroll of identify for 32 gold pieces
 34660 | D:10     | You paid a toll of 16 scrolls of identify to enter a treasure trove
 34661 | Trove    | Entered a treasure trove
 34679 | Trove    | Got a scorched copper amulet
 34681 | Trove    | Identified the amulet of Ahaqiari {Harm *Drain rC++} (You found it in a treasure trove)
 34691 | Trove    | Got a pitted bronze ring
 34692 | Trove    | Identified the ring of Truth {Fire Int+3} (You found it in a treasure trove)
 34721 | Trove    | Got a clouded garnet amulet
 34722 | Trove    | Identified the amulet "Zeimust" {Reflect Str+2 Dex+5 SH+3} (You found it in a treasure trove)
 34732 | Trove    | Got a transparent jade ring
 34733 | Trove    | Identified the ring of Suspicion {rPois rC- EV+1 Stlth+} (You found it in a treasure trove)
 34746 | Trove    | Got a twitching jade ring
 34747 | Trove    | Identified the ring of Doczaz {+Blink MR+++ AC+2 Str-3} (You found it in a treasure trove)
 34864 | Orc:2    | Bought a scroll of brand weapon for 320 gold pieces
 35203 | Orc:2    | Found a roughly hewn altar of Beogh.
 35455 | Orc:2    | HP: 1/152 [orc warrior/battleaxe (21)]
 36168 | Orc:2    | Found Megreg's Antique Armour Shoppe.
 36169 | Orc:2    | Found Joij's Food Shoppe.
 36169 | Orc:2    | Found Daodanet's Antique Armour Emporium.
 36170 | Orc:2    | Found Inukhleist's Weapon Shoppe.
 36180 | Orc:2    | Bought a smoking shield for 304 gold pieces
 36190 | Orc:2    | Identified the +2 shield of Supple Strength {rPois rF- Int+2} (You bought it in a shop on level 2 of the Orcish Mines)
 36198 | Orc:2    | Bought a pair of glowing gloves for 144 gold pieces
 36198 | Orc:2    | Bought a pair of glowing gloves for 144 gold pieces
 36245 | Orc:2    | Bought a ripped robe for 182 gold pieces
 36255 | Orc:2    | Identified the +1 robe of Awe {Str+7 Dex+2 Slay-3} (You bought it in a shop on level 2 of the Orcish Mines)
 36540 | Spider:1 | Entered Level 1 of the Spider Nest
 36611 | Spider:1 | Reached XP level 17. HP: 154/159 MP: 26/26
 37032 | Spider:1 | Received a gift from Nemelex Xobeh
 38282 | Spider:2 | Received a gift from Nemelex Xobeh
 38524 | Spider:2 | Got a pair of faintly humming gloves
 38535 | Spider:2 | Identified the +0 pair of gloves of Cheibriados's Hope {-Tele Dex+6} (You found it on level 2 of the Spider Nest)
 39017 | Shoals:1 | Entered Level 1 of the Shoals
 39095 | Shoals:1 | Received a gift from Nemelex Xobeh
 39303 | Shoals:1 | Identified a scroll of acquirement
 39306 | Shoals:1 | Got an encrusted shield
 39317 | Shoals:1 | Identified the +2 shield "Mohakh" {+Inv rF- rN+ MP+9} (You acquired it on level 1 of the Shoals)
 39443 | Shoals:1 | Received a gift from Nemelex Xobeh
 39972 | Shoals:2 | Received a gift from Nemelex Xobeh
 40379 | Shoals:2 | Received a gift from Nemelex Xobeh
 40628 | Shoals:3 | Found Jeasip's Antique Weapon Shop.
 40674 | Shoals:3 | Received a gift from Nemelex Xobeh
 40697 | Shoals:3 | Reached skill level 10 in Shields
 41118 | Shoals:3 | Noticed a kraken
 41122 | Shoals:3 | Killed a kraken
 41281 | Shoals:3 | Found a deep blue altar of Sif Muna.
 41287 | Shoals:3 | Noticed a kraken
 41302 | Shoals:3 | Killed a kraken
 41302 | Shoals:3 | Reached XP level 18. HP: 138/170 MP: 27/27
 41491 | Shoals:4 | Entered Level 4 of the Shoals
 41530 | Shoals:4 | Got a flickering brass ring
 41542 | Shoals:4 | Received a gift from Nemelex Xobeh
 41545 | Shoals:4 | Identified the ring of the Prince {rElec rN+ Str+4 Int+6 Stlth+} (You found it on level 4 of the Shoals)
 41580 | Shoals:4 | Noticed nikopol's ghost (adept MiBe)
 41616 | Shoals:4 | Killed nikopol's ghost
 42077 | Shoals:4 | Noticed Ilsuiw
 42089 | Shoals:4 | Killed Ilsuiw
 42168 | Shoals:4 | Received a gift from Nemelex Xobeh
 42197 | Shoals:4 | Got an ichor-stained cloak
 42208 | Shoals:4 | Identified the +0 cloak "Bysugh" {+Blink MP-9 Dex+3} (You found it on level 4 of the Shoals)
 42270 | Shoals:4 | Got a barnacled rune of Zot
 43558 | Spider:3 | Received a gift from Nemelex Xobeh
 43696 | Spider:3 | Noticed Roxanne
 43716 | Spider:3 | Killed Roxanne
 44360 | Spider:4 | Entered Level 4 of the Spider Nest
 44522 | Spider:4 | Received a gift from Nemelex Xobeh
 44605 | Spider:4 | Reached XP level 19. HP: 178/178 MP: 29/29
 45855 | Spider:4 | Received a gift from Nemelex Xobeh
 46268 | Spider:4 | Got a gossamer rune of Zot
 46829 | Vaults:1 | Entered Level 1 of the Vaults
 46910 | Vaults:1 | Received a gift from Nemelex Xobeh
 46928 | Vaults:1 | Noticed Wiglaf
 46950 | Vaults:1 | Killed Wiglaf
 47507 | Vaults:1 | Reached XP level 20. HP: 176/188 MP: 30/30
 48149 | Vaults:1 | Received a gift from Nemelex Xobeh
 48639 | Vaults:2 | Received a gift from Nemelex Xobeh
 48841 | Vaults:2 | Found a staircase to the Crypt.
 48871 | Vaults:2 | Received a gift from Nemelex Xobeh
 49185 | Vaults:2 | Received a gift from Nemelex Xobeh
 49274 | Vaults:2 | Got a coiled jade amulet
 49275 | Vaults:2 | Identified the amulet of Cyliss {Faith MR+} (You found it on level 2 of the Vaults)
 49851 | Vaults:3 | Found a flickering gateway to a bazaar.
 49858 | Bazaar   | Entered a bazaar
 49908 | Bazaar   | Found Wecorelu's Armour Shop.
 49927 | Bazaar   | Found Kawnilel's Gadget Shoppe.
 49936 | Bazaar   | Found Ydoemuec's Food Emporium.
 49940 | Bazaar   | Received a gift from Nemelex Xobeh
 49952 | Bazaar   | Found Kogodwutz's Antique Armour Shoppe.
 49957 | Bazaar   | Bought a heavily runed chain mail for 237 gold pieces
 49957 | Bazaar   | Bought a glowing helmet for 112 gold pieces
 49971 | Bazaar   | Identified the +8 chain mail of Brilliance {rPois Stlth+} (You bought it in a shop in a bazaar)
 51095 | Vaults:3 | Got a crude scale mail
 51106 | Vaults:3 | Identified the +4 scale mail of Depression {rElec rCorr} (You took it off an orc on level 3 of the Vaults)
 51647 | Vaults:3 | Reached XP level 21. HP: 191/198 MP: 23/32
 51875 | Vaults:3 | Received a gift from Nemelex Xobeh
 52071 | Vaults:4 | Found Roem's Book Emporium.
 52248 | Vaults:4 | Reached skill level 15 in Evocations
 52638 | Vaults:4 | Received a gift from Nemelex Xobeh
 53557 | Vaults:4 | Identified the Disquisition on Evil Ignition
 53858 | Vaults:5 | Entered Level 5 of the Vaults
 54277 | Vaults:5 | Noticed a juggernaut
 54277 | Vaults:5 | a titan changed into a juggernaut
 54277 | Vaults:5 | Noticed a golden dragon
 54277 | Vaults:5 | a titan changed into a golden dragon
 54281 | Vaults:5 | a juggernaut changed into a dire elephant
 54281 | Vaults:5 | a golden dragon changed into a queen ant
 54524 | Vaults:5 | Reached XP level 22. HP: 61/206 MP: 24/33
 55913 | Vaults:5 | Received a gift from Nemelex Xobeh
 56383 | Vaults:5 | Noticed an ancient lich
 56395 | Vaults:5 | Killed an ancient lich
 56949 | Vaults:5 | Reached skill level 15 in Shields
 57145 | Vaults:5 | Received a gift from Nemelex Xobeh
 57154 | Vaults:5 | Got a silver rune of Zot
 57563 | Vaults:5 | Found Zujiptile's General Store.
 57570 | Vaults:5 | Bought a wand of hasting (3/9) for 882 gold pieces
 57812 | Elf:1    | Entered Level 1 of the Elven Halls
 57916 | Elf:1    | Noticed Lovchig's ghost (journeyman MiFi)
 57946 | Elf:1    | Killed Lovchig's ghost
 58146 | Elf:1    | Identified the Incunabulum of Calling
 58305 | Elf:1    | Received a gift from Nemelex Xobeh
 58572 | Elf:1    | Reached XP level 23. HP: 214/214 MP: 26/35
 58859 | Elf:2    | Found a runed gate.
 58859 | Elf:2    | Found a runed gate.
 58860 | Elf:2    | Found a runed gate.
 58942 | Elf:2    | Received a gift from Nemelex Xobeh
 58957 | Elf:2    | Found a magical portal.
 58966 | WizLab   | Entered Doroklohe's Tomb
 59089 | WizLab   | Received a gift from Nemelex Xobeh
 59544 | WizLab   | Reached XP level 24. HP: 224/224 MP: 26/35
 59620 | WizLab   | Got a slimy shield
 59631 | WizLab   | Identified the +3 shield of the World {rC- MR- Str+8 Dex+4} (You found it in a wizard's laboratory)
 60504 | Elf:2    | Received a gift from Nemelex Xobeh
 60981 | Elf:3    | Entered Level 3 of the Elven Halls
 60981 | Elf:3    | Found a radiant altar of Vehumet.
 61048 | Elf:3    | Received a gift from Nemelex Xobeh
 61059 | Elf:3    | Found a flickering gateway to a bazaar.
 61071 | Bazaar   | Entered a bazaar
 61071 | Bazaar   | Found Negaoh's Distillery.
 61071 | Bazaar   | Found Ykanu's Antique Armour Emporium.
 61075 | Bazaar   | Found Muamin's Gadget Shoppe.
 61089 | Bazaar   | Found Nixorgh's Armour Emporium.
 61097 | Bazaar   | Bought the +16 plate armour of the Ancient Beds {+Blink rF+ MR+ MP+9 Str+4} for 1375 gold pieces
 61125 | Bazaar   | Bought a potion of heal wounds for 75 gold pieces
 61125 | Bazaar   | Bought a potion of might for 60 gold pieces
 61125 | Bazaar   | Bought a potion of heal wounds for 75 gold pieces
 61125 | Bazaar   | Bought a potion of heal wounds for 75 gold pieces
 61125 | Bazaar   | Bought 2 potions of might for 120 gold pieces
 61431 | Elf:3    | Noticed Norris
 61442 | Elf:3    | Killed Norris
 61653 | Elf:3    | Reached skill level 15 in Fighting
 61896 | Elf:3    | Received a gift from Nemelex Xobeh
 61980 | Elf:3    | Reached XP level 25. HP: 151/232 MP: 35/35
 62271 | Elf:3    | Identified Kikubaaqudgha's Reference Book on Stolen Souls
 62274 | Elf:3    | Identified the Disquisition on Good Luck
 62282 | Elf:3    | Learned a level 6 spell: Deflect Missiles
 62318 | Elf:3    | Got a bronze fire dragon armour
 62329 | Elf:3    | Identified the +2 fire dragon armour of Fivioj {rF++ rC- rN+ Slay+5} (You found it on level 3 of the Elven Halls)
 62401 | Elf:3    | Learned a level 8 spell: Necromutation
 62509 | Elf:3    | Got a bloodstained falchion {slice}
 62510 | Elf:3    | Identified the cursed +0 falchion of Income {slice, Int+5} (You took it off a deep elf annihilator on level 3 of the Elven Halls)
 62727 | Depths:1 | Entered Level 1 of the Depths
 63634 | Depths:1 | Found a gateway to Hell.
 63939 | Depths:1 | Received a gift from Nemelex Xobeh
 64564 | Depths:1 | Found a one-way gate to the infinite horrors of the Abyss.
 64625 | Depths:2 | Found a gateway to a ziggurat.
 64855 | Depths:2 | Received a gift from Nemelex Xobeh
 65334 | Depths:2 | Found a one-way gate leading to the halls of Pandemonium.
 65438 | Depths:2 | Found a corrupted altar of Lugonu.
 65554 | Depths:3 | Noticed Jory
 65567 | Depths:3 | Killed Jory
 65821 | Depths:3 | Noticed a juggernaut
 65836 | Depths:3 | Killed a juggernaut
 66839 | Depths:3 | Reached XP level 26. HP: 221/243 MP: 35/35
 67066 | Depths:3 | Identified the Volume of Arcane Weapons and Feathers
 67162 | Depths:4 | Identified the Almanac of Stones and Orientation
 67697 | Depths:4 | Received a gift from Nemelex Xobeh
 68151 | Depths:4 | Received a gift from Nemelex Xobeh
 68343 | Depths:4 | Noticed a juggernaut
 68723 | Depths:4 | Got a pair of twisted gloves
 68734 | Depths:4 | Identified the cursed -7 pair of gloves of the Known World {rC- MR+ Int+6} (You found it on level 4 of the Depths)
 68756 | Depths:4 | Identified the Catalogue of Fire and Intoxication (You found it on level 4 of the Depths)
 69230 | Elf:3    | Learned a level 9 spell: Tornado
 69598 | Temple   | Entered the Ecumenical Temple
 69694 | Temple   | Fell from the grace of Nemelex Xobeh
 69694 | Temple   | Became a worshipper of Zin the Law-Giver
 69694 | Temple   | Reached * piety under Zin
 69694 | Temple   | Reached ** piety under Zin
 70042 | Crypt:1  | Entered Level 1 of the Crypt
 70081 | Crypt:1  | Reached *** piety under Zin
 70440 | Crypt:1  | Reached **** piety under Zin
 70841 | Crypt:1  | Identified a +0 rod of shadows (8/10) (You took it off a vampire knight on level 1 of the Crypt)
 70973 | Crypt:1  | Donated 613 gold pieces to Zin
 71020 | Crypt:1  | Reached ***** piety under Zin
 71048 | Crypt:1  | Cast into level 1 of the Abyss (drawing a card)
 71048 | Abyss:1  | Found a corrupted altar of Lugonu.
 71206 | Abyss:1  | Reached XP level 27. HP: 240/253 MP: 36/36
 71360 | Abyss:1  | Found a corrupted altar of Lugonu.
 71584 | Abyss:2  | Got a scintillating iron ring
 71635 | Abyss:2  | Gained mutation: You regenerate slowly when monsters are visible. [a cacodemon]
 71656 | Abyss:2  | Paralysed by accursed screaming for 1 turns
 71677 | Abyss:3  | Found a corrupted altar of Lugonu.
 71699 | Abyss:3  | Identified the ring "Vulyk" {MR+ Stlth+} (You found it on level 2 of the Abyss)
 72155 | Abyss:3  | XOM: silly message
 72166 | Abyss:3  | Found a corrupted altar of Lugonu.
 72386 | Abyss:4  | Reached ****** piety under Zin
 72787 | Abyss:4  | Reached skill level 1 in Invocations
 72858 | Abyss:4  | Found a corrupted altar of Lugonu.
 73802 | Abyss:4  | XOM: colour smoke trail
 74503 | Abyss:4  | Reached skill level 5 in Invocations
 74650 | Abyss:4  | Found a corrupted altar of Lugonu.
 74887 | Abyss:4  | Paralysed by accursed screaming for 2 turns
 75206 | Abyss:4  | XOM: divination: magic mapping
 75770 | Abyss:4  | HP: 12/256 [shot self (11)]
 76086 | Abyss:4  | Got an abyssal rune of Zot
 76258 | Crypt:1  | Escaped the Abyss
 76430 | Crypt:2  | Noticed Khufu
 76445 | Crypt:2  | Noticed a greater mummy
 76451 | Crypt:2  | Was placed under penance by Zin
 76462 | Crypt:2  | Killed Khufu
 76851 | Crypt:2  | Killed a greater mummy
 77092 | Crypt:2  | Was forgiven by Zin
 77952 | Crypt:3  | Entered Level 3 of the Crypt
 79264 | Crypt:3  | Found an ancient bone altar of Kikubaaqudgha.
 79265 | Crypt:3  | Got a warped steel ring
 79268 | Crypt:3  | Found a basalt altar of Yredelemnul.
 79304 | Crypt:3  | Identified the ring of Onaewn {Fragile +Inv rC+++ rN+ Str-3} (You took it off a vampire mage on level 3 of the Crypt)
 79316 | Crypt:3  | Identified Sif Muna's Catalogue of Evil
 79336 | Crypt:3  | Got a flickering lead amulet
 79336 | Crypt:3  | Got a scintillating silver ring
 79337 | Crypt:3  | Identified the ring "Taesh" {rN+ Int+8} (You found it on level 3 of the Crypt)
 79338 | Crypt:3  | Identified the amulet of Cammes {rElec rF- Regen+ MP-9 Stlth+} (You found it on level 3 of the Crypt)
 79750 | Crypt:3  | Found a staircase to the Tomb.
 79935 | Crypt:3  | XOM: harmless Chrm miscast
 80014 | Crypt:3  | Drew Focus: Str increased to 23, Int decreased to 11
 80485 | Zig:1    | Entered Level 1 of a ziggurat
 80513 | Zig:2    | Entered Level 2 of a ziggurat
 80581 | Zig:3    | Entered Level 3 of a ziggurat
 80617 | Zig:4    | Entered Level 4 of a ziggurat
 80645 | Zig:4    | Got a fine iron ring
 80646 | Zig:4    | Identified the ring of Scepticism {rF+++ EV+4} (You found it on level 4 of a ziggurat)
 80658 | Zig:5    | Entered Level 5 of a ziggurat
 80837 | Zig:5    | Identified Sif Muna's Reference Book on Supportive Displacement
 80849 | Zig:5    | Got a pair of twisted gloves
 80860 | Zig:5    | Identified the +1 pair of gloves of Cor Xeuf {*Contam Dex+5} (You acquired it on level 5 of a ziggurat)
 80868 | Zig:6    | Entered Level 6 of a ziggurat
 81314 | Zig:7    | Entered Level 7 of a ziggurat
 81468 | Zig:7    | Was forgiven by Nemelex Xobeh
 81470 | Zig:8    | Entered Level 8 of a ziggurat
 81478 | Zig:8    | Drew Focus: Str increased to 24, Int decreased to 10
 81633 | Zig:9    | Entered Level 9 of a ziggurat
 81639 | Zig:9    | Noticed Kauklunt the pandemonium lord
 81668 | Zig:9    | Killed Kauklunt the pandemonium lord
 81749 | Zig:9    | Reached skill level 1 in Charms
 81749 | Zig:9    | Reached skill level 1 in Necromancy
 81749 | Zig:9    | Reached skill level 1 in Transmutations
 81749 | Zig:9    | Reached skill level 1 in Air Magic
 81756 | Zig:10   | Entered Level 10 of a ziggurat
 81913 | Zig:11   | Entered Level 11 of a ziggurat
 81917 | Zig:11   | Noticed Wovoxuol the pandemonium lord
 81941 | Zig:11   | Killed Wovoxuol the pandemonium lord
 81941 | Zig:11   | Reached skill level 10 in Invocations
 82120 | Zig:12   | Entered Level 12 of a ziggurat
 82150 | Zig:12   | Noticed an ancient lich
 82172 | Zig:12   | Killed an ancient lich
 82331 | Zig:13   | Entered Level 13 of a ziggurat
 82756 | Zig:13   | Got a jewelled plate armour
 82767 | Zig:13   | Identified the +11 plate armour "Luixten" {Dex+3} (You found it on level 13 of a ziggurat)
 82796 | Zig:14   | Entered Level 14 of a ziggurat
 83367 | Zig:14   | Reached skill level 15 in Armour
 83427 | Zig:15   | Entered Level 15 of a ziggurat
 83622 | Zig:15   | Got a scorched cloak
 83625 | Zig:15   | Identified the +0 cloak of Filitziorph {Str+3} (You found it on level 15 of a ziggurat)
 83664 | Zig:16   | Entered Level 16 of a ziggurat
 83682 | Zig:16   | Noticed an ancient lich
 83698 | Zig:16   | Killed an ancient lich
 83858 | Zig:16   | Lost mutation: You are covered in thick fur (AC +2). [helix card]
 83860 | Zig:16   | Lost mutation: You are agile. (Dex +2) [helix card]
 83862 | Zig:16   | Hired Zeuceuja the merfolk for 279 gold.
 83867 | Zig:16   | Hired Kaudghaug the merfolk for 330 gold.
 83870 | Zig:16   | Hired Kabeoll the merfolk for 309 gold.
 83927 | Zig:16   | XOM: god gift: 49 gold pieces
 84081 | Zig:17   | Entered Level 17 of a ziggurat
 84377 | Zig:17   | Identified a +2 rod of shadows (13/13) (You found it on level 17 of a ziggurat)
 84483 | Zig:17   | Got a shimmering ivory ring
 84484 | Zig:17   | Identified the ring "Vacapaes" {*Tele MR+ Slay+3} (You found it on level 17 of a ziggurat)
 84509 | Zig:18   | Entered Level 18 of a ziggurat
 84520 | Zig:18   | Noticed a greater mummy
 84520 | Zig:18   | Noticed a greater mummy
 84522 | Zig:18   | Noticed a greater mummy
 84526 | Zig:18   | Noticed a greater mummy
 84526 | Zig:18   | Noticed a greater mummy
 84543 | Zig:18   | Noticed a greater mummy
 84552 | Zig:19   | Entered Level 19 of a ziggurat
 84661 | Zig:19   | Gained mutation: You are clumsy. (Dex -2) [mutagenic glow]
 84766 | Zig:19   | Lost mutation: You possess an exceptional clarity of mind. [potion of cure mutation]
 84766 | Zig:19   | Lost mutation: You are clumsy. (Dex -2) [potion of cure mutation]
 84766 | Zig:19   | Lost mutation: You are covered in fur (AC +1). [potion of cure mutation]
 84766 | Zig:19   | Lost mutation: You regenerate slowly when monsters are visible. [potion of cure mutation]
 84766 | Zig:19   | Lost mutation: You are partially covered in large bone plates (AC +2, SH +2). [potion of cure mutation]
 84853 | Zig:19   | Identified Nakunnuv's Handbook of Boosting Clay
 84873 | Zig:19   | Got a crude iron ring
 84874 | Zig:19   | Identified the ring of Wonder {*Drain Int+7 Stlth-} (You found it on level 19 of a ziggurat)
 84955 | Zig:20   | Entered Level 20 of a ziggurat
 84958 | Zig:20   | Noticed an ancient lich
 84967 | Zig:20   | Was placed under penance by Zin
 84976 | Zig:20   | Was forgiven by Zin
 84997 | Zig:20   | Killed an ancient lich
 85000 | Zig:20   | HP: 12/264 [Ice Fiend/bolt of cold[a lich] (20)]
 85158 | Zig:20   | Identified the Grimoire of Enhancements and Flames
 85164 | Zig:20   | Identified the Catalogue of Supportive Toxins
 85415 | Zig:21   | Entered Level 21 of a ziggurat
 85478 | Zig:21   | Noticed Logorav the pandemonium lord
 85481 | Zig:21   | HP: 12/265 [Brimstone Fiend/damnation (51)]
 85482 | Zig:22   | Entered Level 22 of a ziggurat
 85542 | Zig:23   | Entered Level 23 of a ziggurat
 85562 | Zig:23   | Reached skill level 5 in Air Magic
 85606 | Zig:23   | Paralysed by you for 6 turns
 86183 | Zig:24   | Entered Level 24 of a ziggurat
 86192 | Zig:24   | Noticed a juggernaut
 86193 | Zig:24   | Noticed a juggernaut
 86193 | Zig:24   | Noticed a juggernaut
 86193 | Zig:24   | Noticed a juggernaut
 86200 | Zig:24   | Noticed a juggernaut
 86212 | Zig:24   | Noticed a juggernaut
 86217 | Zig:24   | Noticed a juggernaut
 86218 | Zig:24   | Killed a juggernaut
 86232 | Zig:24   | Killed a juggernaut
 86235 | Zig:24   | Killed a juggernaut
 86236 | Zig:24   | Killed a juggernaut
 86236 | Zig:24   | Killed a juggernaut
 86236 | Zig:24   | Reached skill level 15 in Invocations
 86236 | Zig:24   | Killed a juggernaut
 86236 | Zig:24   | Killed a juggernaut
 86242 | Zig:24   | Noticed a juggernaut
 86244 | Zig:24   | Noticed a juggernaut
 86248 | Zig:24   | Noticed a juggernaut
 86251 | Zig:24   | HP: 13/266 [orc high priest/divine providence (13)]
 86258 | Zig:24   | Killed a juggernaut
 86258 | Zig:24   | Killed a juggernaut
 86258 | Zig:24   | Killed a juggernaut
 86260 | Zig:24   | Was placed under penance by Zin
 86280 | Zig:25   | Entered Level 25 of a ziggurat
 86403 | Zig:25   | Got a steaming brass ring
 86413 | Zig:25   | Reached skill level 10 in Dodging
 86413 | Zig:25   | Reached skill level 1 in Spellcasting
 86748 | Zig:25   | Identified Sif Muna's Volume of Poisoning and the Rocks
 86758 | Zig:25   | Got a scintillating bone ring
 86773 | Zig:25   | Identified the ring "Gaseecyc" {rN+ MP+9 Str+4 Dex+3 Stlth+} (You found it on level 25 of a ziggurat)
 86774 | Zig:25   | Identified the cursed ring "Purgh" {Fragile rPois MR+++ Int+3 Dex-3} (You found it on level 25 of a ziggurat)
 87005 | Zig:25   | Donated 581 gold pieces to Zin
 87006 | Zig:25   | Donated 291 gold pieces to Zin
 87008 | Zig:26   | Entered Level 26 of a ziggurat
 87009 | Zig:26   | Donated 145 gold pieces to Zin
 87026 | Zig:26   | Noticed a juggernaut
 87034 | Zig:26   | Noticed a juggernaut
 87041 | Zig:26   | Noticed a juggernaut
 87050 | Zig:26   | Noticed a juggernaut
 87054 | Zig:26   | Killed a juggernaut
 87054 | Zig:26   | Killed a juggernaut
 87054 | Zig:26   | Killed a juggernaut
 87054 | Zig:26   | Reached skill level 10 in Air Magic
 87054 | Zig:26   | Killed a juggernaut
 87459 | Zig:26   | Identified Sif Muna's Guide on Lightness
 87483 | Zig:26   | Got a flickering iron ring
 87484 | Zig:26   | Identified the ring of Sahip {+Fly Dex+3} (You found it on level 26 of a ziggurat)
 87505 | Zig:26   | Donated 73 gold pieces to Zin
 87516 | Zig:26   | Identified a +5 rod of inaccuracy (12/12) (You found it on level 26 of a ziggurat)
 87523 | Zig:27   | Entered Level 27 of a ziggurat
 87530 | Zig:27   | Noticed a juggernaut
 87530 | Zig:27   | Noticed a juggernaut
 87530 | Zig:27   | Noticed a juggernaut
 87540 | Zig:27   | Noticed a juggernaut
 87541 | Zig:27   | Noticed a juggernaut
 87546 | Zig:27   | Noticed a juggernaut
 87548 | Zig:27   | Lost mutation: You occasionally shout uncontrollably at your foes. [helix card]
 87550 | Zig:27   | Noticed a juggernaut
 87552 | Zig:27   | Noticed a juggernaut
 87552 | Zig:27   | Noticed a juggernaut
 87557 | Zig:27   | Noticed a juggernaut
 87565 | Zig:27   | Killed a juggernaut
 87624 | Depths:2 | Gained mutation: You expend magic power (3 MP) to strengthen your wands. [mutagenic glow]
 88031 | Hell     | Entered the Vestibule of Hell
 88031 | Hell     | Noticed Geryon
 88043 | Hell     | Noticed Murray
 88547 | Hell     | Killed Murray
 88548 | Hell     | Killed Geryon
 89174 | Temple   | Fell from the grace of Zin
 89174 | Temple   | Became a worshipper of the Shining One
 89174 | Temple   | Reached * piety under the Shining One
 89174 | Temple   | Reached ** piety under the Shining One
 89174 | Temple   | Reached *** piety under the Shining One
 89604 | Hell     | Found a gateway to the Iron City of Dis.
 89706 | Hell     | Found a gateway to the decaying netherworld of Tartarus.
 89706 | Hell     | Reached **** piety under the Shining One
 89756 | Hell     | Found a gateway to the freezing wastes of Cocytus.
 89879 | Hell     | Found a gateway to the ashen valley of Gehenna.
 89965 | Geh:1    | Entered Level 1 of Gehenna
 90003 | Geh:1    | Reached ***** piety under the Shining One
 90291 | Geh:1    | Reached ****** piety under the Shining One
 91189 | Geh:4    | Identified a +7 eudemon blade of holy wrath (a +5 demon blade blessed by the Shining One)
 91189 | Geh:4    | Received a gift from the Shining One
 91827 | Geh:7    | Entered Level 7 of Gehenna
 92489 | Geh:7    | Noticed Asmodeus
 92500 | Geh:7    | Killed Asmodeus
 92531 | Geh:7    | Got an obsidian rune of Zot
 92553 | Zig:1    | Entered Level 1 of a ziggurat
 92577 | Zig:2    | Entered Level 2 of a ziggurat
 92607 | Zig:3    | Entered Level 3 of a ziggurat
 92645 | Zig:4    | Entered Level 4 of a ziggurat
 92684 | Zig:5    | Entered Level 5 of a ziggurat
 93075 | Zig:6    | Entered Level 6 of a ziggurat
 93393 | Zig:6    | Got a twisted long sword
 93394 | Zig:6    | Identified the +5 long sword "Ingoazxu" {pain, *Noise Fragile rN+++ Int+4} (You found it on level 6 of a ziggurat)
 93405 | Zig:7    | Entered Level 7 of a ziggurat
 93634 | Zig:8    | Entered Level 8 of a ziggurat
 93643 | Zig:8    | Noticed a juggernaut
 93649 | Zig:8    | Was placed under penance by the Shining One
 93654 | Zig:8    | Killed a juggernaut
 94085 | Zig:9    | Entered Level 9 of a ziggurat
 94114 | Zig:9    | Was forgiven by the Shining One
 94269 | Zig:10   | Entered Level 10 of a ziggurat
 94673 | Zig:10   | Reached skill level 1 in Translocations
 94691 | Zig:10   | Identified the Catalogue of Heat and Malediction (You found it on level 10 of a ziggurat)
 94781 | Zig:11   | Entered Level 11 of a ziggurat
 94801 | Zig:11   | Lost mutation: You expend magic power (3 MP) to strengthen your wands. [potion of cure mutation]
 94801 | Zig:11   | Lost mutation: Your flesh is cold resistant. [potion of cure mutation]
 95010 | Zig:11   | Got a smoking cloak
 95021 | Zig:11   | Identified the +1 cloak of the Forest {rN+ rCorr MP+9} (You found it on level 11 of a ziggurat)
 95025 | Zig:11   | Identified the Disquisition on Malediction and Stones (You found it on level 11 of a ziggurat)
 95075 | Zig:12   | Entered Level 12 of a ziggurat
 95411 | Zig:12   | Got an ancient wooden ring
 95412 | Zig:12   | Identified the ring "Ocwuvool" {MR+ Str+7 Dex+3} (You found it on level 12 of a ziggurat)
 95562 | Zig:13   | Entered Level 13 of a ziggurat
 95596 | Zig:13   | Was placed under penance by the Shining One
 95675 | Zig:13   | Identified a +3 rod of inaccuracy (12/12) (You found it on level 13 of a ziggurat)
 95726 | Geh:7    | Was forgiven by the Shining One
 96218 | Tomb:1   | Entered Level 1 of the Tomb of the Ancients
 96469 | Tomb:1   | Noticed a greater mummy
 96476 | Tomb:1   | Killed a greater mummy
 96478 | Tomb:1   | Noticed a greater mummy
 96486 | Tomb:1   | Killed a greater mummy
 96498 | Tomb:1   | Noticed a greater mummy
 96513 | Tomb:1   | Killed a greater mummy
 97307 | Tomb:2   | Noticed a greater mummy
 97307 | Tomb:2   | Noticed a greater mummy
 97307 | Tomb:2   | Noticed a greater mummy
 97310 | Tomb:2   | Noticed a greater mummy
 97817 | Tomb:2   | Killed a greater mummy
 97830 | Tomb:1   | Killed a greater mummy
 97833 | Tomb:1   | Killed a greater mummy
 98356 | Tomb:2   | Killed a greater mummy
 98356 | Tomb:2   | Reached skill level 5 in Spellcasting
 98690 | Tomb:1   | Noticed a greater mummy
 98691 | Tomb:1   | Noticed a greater mummy
 98694 | Tomb:1   | Killed a greater mummy
 98694 | Tomb:1   | Reached skill level 15 in Air Magic
 98695 | Tomb:1   | Noticed a greater mummy
 98699 | Tomb:1   | Noticed a greater mummy
 98706 | Tomb:1   | Killed a greater mummy
 98719 | Tomb:1   | Noticed a greater mummy
 98724 | Tomb:2   | Killed a greater mummy
 99083 | Tomb:1   | Killed a greater mummy
 99092 | Tomb:1   | Killed a greater mummy
 99146 | Tomb:1   | Noticed a greater mummy
 99152 | Tomb:1   | Killed a greater mummy
 99156 | Tomb:1   | Noticed a greater mummy
 99165 | Tomb:1   | Killed a greater mummy
 99443 | Tomb:1   | Noticed a greater mummy
 99445 | Tomb:1   | Noticed a greater mummy
 99450 | Tomb:1   | Noticed a greater mummy
 99456 | Tomb:1   | Killed a greater mummy
 99467 | Tomb:1   | Killed a greater mummy
 99475 | Tomb:1   | Killed a greater mummy
 99847 | Tomb:1   | Noticed a greater mummy
 99859 | Tomb:1   | Killed a greater mummy
 99885 | Tomb:1   | Noticed a greater mummy
 99893 | Tomb:1   | Killed a greater mummy
 99944 | Tomb:1   | Noticed a greater mummy
 99959 | Tomb:1   | Killed a greater mummy
100410 | Tomb:1   | Noticed a greater mummy
100419 | Tomb:1   | Killed a greater mummy
100438 | Tomb:1   | Noticed a greater mummy
100444 | Tomb:1   | Killed a greater mummy
101147 | Tomb:3   | Entered Level 3 of the Tomb of the Ancients
101156 | Tomb:3   | Noticed a greater mummy
101158 | Tomb:3   | Noticed a greater mummy
101160 | Tomb:3   | Noticed a greater mummy
101161 | Tomb:3   | Noticed a greater mummy
101167 | Tomb:2   | Killed a greater mummy
101856 | Tomb:2   | Killed a greater mummy
101858 | Tomb:2   | Killed a greater mummy
102321 | Tomb:3   | Killed a greater mummy
102344 | Tomb:3   | Noticed a greater mummy
102352 | Tomb:3   | Killed a greater mummy
102403 | Tomb:3   | Noticed a greater mummy
102415 | Tomb:3   | Killed a greater mummy
102416 | Tomb:3   | Noticed a greater mummy
102425 | Tomb:3   | Killed a greater mummy
102463 | Tomb:3   | Noticed a greater mummy
102476 | Tomb:3   | Killed a greater mummy
102505 | Tomb:3   | Noticed a greater mummy
102520 | Tomb:3   | Killed a greater mummy
102592 | Tomb:3   | Got a golden rune of Zot
102762 | Tomb:3   | Identified the Compendium of Creative Benedictions
102911 | Tomb:3   | Noticed Sojobo
102929 | Tomb:3   | Killed Sojobo
103733 | D:14     | Bought a scroll of teleportation for 36 gold pieces
103733 | D:14     | Bought a scroll of torment for 90 gold pieces
103733 | D:14     | Bought 2 scrolls of teleportation for 72 gold pieces
103733 | D:14     | Bought a scroll of teleportation for 36 gold pieces
103733 | D:14     | Bought a scroll of summoning for 114 gold pieces
103743 | D:14     | Drew Focus: Str increased to 25, Int decreased to 9
103746 | D:14     | Drew Focus: Str increased to 26, Int decreased to 8
103755 | D:14     | Hired Gorumian the merfolk for 304 gold.
104039 | Slime:1  | Entered Level 1 of the Pits of Slime
104909 | Slime:5  | Gained mutation: You are weak. (Str -2) [a shining eye]
104911 | Slime:5  | Gained mutation: You are robust (+10% HP). [a shining eye]
104914 | Slime:5  | Gained mutation: You are dopey. (Int -2) [a shining eye]
104930 | Slime:6  | Entered Level 6 of the Pits of Slime
104952 | Slime:6  | Noticed the Royal Jelly
104974 | Slime:6  | Killed the Royal Jelly
104974 | Slime:6  | Your ally Gorumian died
105559 | Slime:6  | Gained mutation: Your magical capacity is low (-10% MP). [a shining eye]
105696 | Slime:6  | Identified Sif Muna's Grimoire of Bewitchment and Stolen Souls
105699 | Slime:6  | Identified Wyal's Reference Book on the Entourage
105737 | Slime:6  | Drew Focus: Str increased to 27, Int decreased to 7
105738 | Slime:6  | Hired Heall the merfolk for 280 gold.
105747 | Slime:6  | Identified the Catalogue of Supportive Stones
105798 | Slime:6  | Got a slimy rune of Zot
105829 | Slime:6  | Gained mutation: You are resistant to hostile enchantments. [potion of mutation]
105829 | Slime:6  | Gained mutation: You passively map a small area around you. [potion of mutation]
105829 | Slime:6  | Lost mutation: You are dopey. (Int -2) [potion of mutation]
105872 | Slime:6  | Got a shimmering copper ring
105873 | Slime:6  | Identified the ring of Immorality {rC+ Int+3} (You found it on level 6 of the Pits of Slime)
106190 | Slime:4  | Your ally Heall died
106767 | Coc:1    | Entered Level 1 of Cocytus
107470 | D:10     | Learned a level 8 spell: Controlled Blink
107844 | Coc:2    | Reached skill level 5 in Necromancy
108058 | Coc:2    | Reached skill level 5 in Transmutations
108840 | Coc:3    | Reached skill level 10 in Spellcasting
110207 | Coc:7    | Entered Level 7 of Cocytus
111123 | Coc:7    | Upgraded the game from 0.18.0-2-g198d6d4 to 0.18.1-1-g2f07953
111243 | Coc:7    | Reached skill level 10 in Transmutations
111348 | Coc:7    | Noticed Antaeus
111359 | Coc:7    | Reached skill level 10 in Necromancy
111368 | Coc:7    | Killed Antaeus
111403 | Coc:7    | Got a clouded golden ring
111404 | Coc:7    | Identified the ring "Yrrur" {rN+++ MR+ Str-3 Dex-3 Stlth+} (You took it off Antaeus on level 7 of Cocytus)
111415 | Coc:7    | Identified Sif Muna's Guide on Necromancy and Aid
111430 | Coc:7    | Got an icy rune of Zot
111698 | Coc:7    | Identified a +2 rod of ignition (12/12) (You took it off Antaeus on level 7 of Cocytus)
112327 | Pan      | Entered Pandemonium
112339 | Pan      | Noticed Genesa the pandemonium lord
112352 | Pan      | Killed Genesa the pandemonium lord
112468 | Depths:2 | Escaped Pandemonium
112628 | D:15     | Bought a potion of cure mutation for 325 gold pieces
112628 | D:15     | Bought a potion of haste for 130 gold pieces
113905 | Vaults:5 | Bought a bread ration for 105 gold pieces
113905 | Vaults:5 | Bought a potion of brilliance for 84 gold pieces
113905 | Vaults:5 | Bought a scroll of identify for 42 gold pieces
114141 | Orc:2    | Bought a meat ration for 50 gold pieces
114141 | Orc:2    | Bought a meat ration for 50 gold pieces
114141 | Orc:2    | Bought a meat ration for 50 gold pieces
114141 | Orc:2    | Bought a bread ration for 50 gold pieces
114362 | Pan      | Entered Pandemonium
114472 | Pan      | Noticed Ceclep the pandemonium lord
114482 | Pan      | Killed Ceclep the pandemonium lord
114898 | Pan      | Lost mutation: Your magical capacity is low (-10% MP). [helix card]
114898 | Pan      | Lost mutation: You are robust (+10% HP). [helix card]
114900 | Pan      | Lost mutation: You are weak. (Str -2) [helix card]
114902 | Pan      | Hired Pisufu Bocze the naga for 144 gold.
114904 | Pan      | Hired Affo the naga for 149 gold.
114905 | Pan      | Hired Ufimusti the merfolk for 311 gold.
114907 | Pan      | Drew Focus: Str increased to 28, Int decreased to 6
114950 | Pan      | Your ally Affo died
114991 | Pan      | Got a demonic rune of Zot
116105 | Pan      | Found an exit through the horrors of the Abyss.
116239 | Pan      | Your ally Pisufu Bocze died
116814 | Pan      | Noticed Laepeg the pandemonium lord
116822 | Pan      | Killed Laepeg the pandemonium lord
116905 | Pan      | Gained mutation: You are clumsy. (Dex -2) [a neqoxec]
116921 | Pan      | Found an exit through the horrors of the Abyss.
117122 | Pan      | Gained mutation: You regenerate slowly when monsters are visible. [a neqoxec]
117561 | Pan      | Found an exit through the horrors of the Abyss.
117985 | Pan      | Your ally Ufimusti died
118056 | Pan      | Learned a level 1 spell: Apportation
118057 | Pan      | Noticed Hari the pandemonium lord
118066 | Pan      | Killed Hari the pandemonium lord
118106 | Pan      | Got a coiled bone ring
118107 | Pan      | Identified the ring of Qillimio {+Inv rN+++ Int+7 Dex-3 Stlth-} (You found it in Pandemonium)
118184 | Pan      | Noticed Soexevai the pandemonium lord
118192 | Pan      | Killed Soexevai the pandemonium lord
118364 | Pan      | Found an exit through the horrors of the Abyss.
119059 | Pan      | Noticed Zodowih the pandemonium lord
119073 | Pan      | Killed Zodowih the pandemonium lord
119401 | Pan      | Found an exit through the horrors of the Abyss.
119779 | Pan      | Found an exit through the horrors of the Abyss.
119889 | Pan      | Noticed Jeheylo the pandemonium lord
119898 | Pan      | Killed Jeheylo the pandemonium lord
120943 | Pan      | Reached skill level 15 in Spellcasting
121115 | Pan      | Noticed Femi the pandemonium lord
121124 | Pan      | Killed Femi the pandemonium lord
121210 | Pan      | Found an exit through the horrors of the Abyss.
121491 | Pan      | Found an exit through the horrors of the Abyss.
121891 | Pan      | Noticed Odej Mig the pandemonium lord
121904 | Pan      | Killed Odej Mig the pandemonium lord
122105 | Pan      | Got a wavering ivory ring
122106 | Pan      | Identified the ring "Lenouklu" {Wiz Int+3} (You took it off an infernal demonspawn in Pandemonium)
122488 | Pan      | Reached skill level 15 in Transmutations
122711 | Pan      | Gained mutation: You are robust (+10% HP). [a neqoxec]
122911 | Pan      | Reached skill level 15 in Necromancy
122951 | Pan      | Noticed Heso the pandemonium lord
122964 | Pan      | Killed Heso the pandemonium lord
122964 | Pan      | Lost mutation: You are robust (+10% HP). [a cacodemon]
123344 | Pan      | Noticed Bouptoep the pandemonium lord
123365 | Pan      | Killed Bouptoep the pandemonium lord
123588 | Pan      | Found an exit through the horrors of the Abyss.
124030 | Pan      | Found an exit through the horrors of the Abyss.
124096 | Pan      | Noticed Karocupt the pandemonium lord
124115 | Pan      | Killed Karocupt the pandemonium lord
124826 | Pan      | Found a runed door.
124869 | Pan      | Found an exit through the horrors of the Abyss.
124890 | Pan      | Noticed Xomusk the pandemonium lord
124897 | Pan      | Gained mutation: You expend magic power (3 MP) to strengthen your wands. [a cacodemon]
124899 | Pan      | Killed Xomusk the pandemonium lord
125477 | Pan      | Noticed Mennas
125486 | Pan      | Killed Mennas
125498 | Pan      | Found an exit through the horrors of the Abyss.
125869 | Pan      | Noticed Torupnur the pandemonium lord
125874 | Pan      | Killed Torupnur the pandemonium lord
125920 | Pan      | Found an exit through the horrors of the Abyss.
125922 | Pan      | Noticed Cuemor the pandemonium lord
125932 | Pan      | Killed Cuemor the pandemonium lord
126226 | Pan      | Noticed Lifun the pandemonium lord
126228 | Pan      | Found a runed door.
126228 | Pan      | Found a runed door.
126234 | Pan      | Killed Lifun the pandemonium lord
126256 | Pan      | Found a runed door.
126266 | Pan      | Got a translucent steel ring
126267 | Pan      | Identified the ring of Finwelol {+Inv rElec Dex+3} (You found it in Pandemonium)
126274 | Pan      | Found a runed door.
126614 | Pan      | Got an encrusted naga barding
126635 | Pan      | Identified the +0 naga barding "Jamiplec" {rElec} (You acquired it in Pandemonium)
126734 | Pan      | Found an exit through the horrors of the Abyss.
126787 | Pan      | Got a pair of faintly humming gloves
126788 | Pan      | Identified the +1 pair of gloves of the Purple Skies {-Tele Regen+ MP+9} (You acquired it in Pandemonium)
127276 | Pan      | Found an exit through the horrors of the Abyss.
127357 | Pan      | Noticed Ruelafeusm the pandemonium lord
127368 | Pan      | Killed Ruelafeusm the pandemonium lord
128133 | Pan      | Found an exit through the horrors of the Abyss.
128141 | Pan      | Noticed Dontem Wips the pandemonium lord
128155 | Pan      | Killed Dontem Wips the pandemonium lord
129450 | Pan      | Found an exit through the horrors of the Abyss.
129788 | Pan      | Noticed Tedef the pandemonium lord
129797 | Pan      | Killed Tedef the pandemonium lord
130152 | Pan      | Noticed Pimir the pandemonium lord
130169 | Pan      | Killed Pimir the pandemonium lord
130635 | Pan      | Found an exit through the horrors of the Abyss.
131016 | Pan      | Entered the realm of Gloorx Vloq.
131016 | Pan      | Found an exit through the horrors of the Abyss.
132055 | Pan      | Noticed Gloorx Vloq
132069 | Pan      | Killed Gloorx Vloq
132236 | Pan      | Got a dark rune of Zot
132658 | Pan      | Noticed Ufrae the pandemonium lord
132668 | Pan      | Killed Ufrae the pandemonium lord
133024 | Pan      | Found an exit through the horrors of the Abyss.
133258 | Depths:2 | Escaped Pandemonium
133625 | Temple   | Lost mutation: You are clumsy. (Dex -2) [potion of cure mutation]
133625 | Temple   | Lost mutation: You are resistant to hostile enchantments. [potion of cure mutation]
133625 | Temple   | Lost mutation: You expend magic power (3 MP) to strengthen your wands. [potion of cure mutation]
133625 | Temple   | Lost mutation: You regenerate slowly when monsters are visible. [potion of cure mutation]
133626 | Temple   | Gained mutation: You are resistant to hostile enchantments. [potion of mutation]
133626 | Temple   | Gained mutation: You have a pair of small antennae on your head. [potion of mutation]
133627 | Temple   | Lost mutation: You are resistant to hostile enchantments. [potion of cure mutation]
133627 | Temple   | Lost mutation: You have a pair of small antennae on your head. [potion of cure mutation]
133627 | Temple   | Lost mutation: You passively map a small area around you. [potion of cure mutation]
133628 | Temple   | Gained mutation: Your magical capacity is low (-10% MP). [potion of mutation]
133628 | Temple   | Gained mutation: Your tail ends in a poisonous barb. [potion of mutation]
133628 | Temple   | Gained mutation: You are resistant to hostile enchantments. [potion of mutation]
133629 | Temple   | Gained mutation: You occasionally shout uncontrollably at your foes. [potion of mutation]
133629 | Temple   | Gained mutation: Your magical capacity is very low (-20% MP). [potion of mutation]
133629 | Temple   | Gained mutation: You passively map a small area around you. [potion of mutation]
133630 | Temple   | Lost mutation: You passively map a small area around you. [potion of cure mutation]
133630 | Temple   | Lost mutation: You are resistant to hostile enchantments. [potion of cure mutation]
133630 | Temple   | Lost mutation: Your tail ends in a poisonous barb. [potion of cure mutation]
133630 | Temple   | Lost mutation: You occasionally shout uncontrollably at your foes. [potion of cure mutation]
133630 | Temple   | Lost mutation: Your magical capacity is very low (-20% MP). [potion of cure mutation]
133630 | Temple   | Lost mutation: Your magical capacity is low (-10% MP). [potion of cure mutation]
133631 | Temple   | Gained mutation: You are partially covered in thin metallic scales (AC +2). [potion of mutation]
133631 | Temple   | Gained mutation: You evolve. [potion of mutation]
133631 | Temple   | Gained mutation: You can exhale a cloud of poison. [potion of mutation]
133632 | Temple   | Gained mutation: Your tail ends in a poisonous barb. [potion of mutation]
133632 | Temple   | Gained mutation: You are robust (+10% HP). [potion of mutation]
133633 | Temple   | Gained mutation: You are partially covered in rugged brown scales (AC +1, +3% HP). [potion of mutation]
133633 | Temple   | Gained mutation: Your flesh is heat resistant. [potion of mutation]
133633 | Temple   | Lost mutation: You are robust (+10% HP). [potion of mutation]
133634 | Temple   | Gained mutation: You are clumsy. (Dex -2) [potion of mutation]
133634 | Temple   | Gained mutation: You are frail (-10% HP). [potion of mutation]
133634 | Temple   | Lost mutation: You are clumsy. (Dex -2) [potion of mutation]
133635 | Temple   | Lost mutation: You evolve. [potion of cure mutation]
133635 | Temple   | Lost mutation: You are partially covered in thin metallic scales (AC +2). [potion of cure mutation]
133635 | Temple   | Lost mutation: You are frail (-10% HP). [potion of cure mutation]
133636 | Temple   | Gained mutation: You are partially covered in iridescent scales (AC +4). [potion of beneficial mutation]
133637 | Temple   | Gained mutation: You are somewhat resistant to further mutation. [potion of beneficial mutation]
133638 | Temple   | Gained mutation: You have a beak for a mouth. [potion of beneficial mutation]
133646 | Temple   | Fell from the grace of the Shining One
133646 | Temple   | Became a worshipper of Makhleb the Destroyer
134065 | Dis:1    | Entered Level 1 of the Iron City of Dis
134182 | Dis:1    | Lost mutation: Your flesh is heat resistant. [Zin's wrath]
134182 | Dis:1    | Lost mutation: You can exhale a cloud of poison. [Zin's wrath]
134182 | Dis:1    | Lost mutation: You have a beak for a mouth. [Zin's wrath]
134182 | Dis:1    | Lost mutation: You are partially covered in rugged brown scales (AC +1, +3% HP). [Zin's wrath]
134182 | Dis:1    | Lost mutation: Your tail ends in a poisonous barb. [Zin's wrath]
134182 | Dis:1    | Lost mutation: You are somewhat resistant to further mutation. [Zin's wrath]
134339 | Dis:1    | Paralysed by the wrath of Zin for 3 turns
134412 | Dis:1    | Reached * piety under Makhleb
134757 | Dis:2    | Reached ** piety under Makhleb
135111 | Dis:2    | Reached *** piety under Makhleb
135594 | Dis:3    | Reached **** piety under Makhleb
136300 | Dis:3    | Reached ***** piety under Makhleb
136666 | Zig:1    | Entered Level 1 of a ziggurat
136695 | Zig:2    | Entered Level 2 of a ziggurat
136862 | Zig:3    | Entered Level 3 of a ziggurat
137025 | Zig:4    | Entered Level 4 of a ziggurat
137480 | Zig:4    | Lost mutation: You are partially covered in iridescent scales (AC +4). [Zin's wrath]
137693 | Zig:4    | Was forgiven by the Shining One
138240 | Zig:5    | Entered Level 5 of a ziggurat
138291 | Zig:5    | Got a scintillating amethyst amulet
138292 | Zig:5    | Identified the amulet of Interdependent Arising {Inacc rPois Int+6} (You found it on level 5 of a ziggurat)
138302 | Zig:5    | Identified Wecza's Tome of Shifting Companions
138330 | Zig:6    | Entered Level 6 of a ziggurat
138451 | Zig:6    | Identified Rown's Compendium of Icy Stolen Souls
138485 | Zig:7    | Entered Level 7 of a ziggurat
138585 | Zig:7    | Identified the Disquisition on the Hurtful Traveller (You found it on level 7 of a ziggurat)
138609 | Zig:8    | Entered Level 8 of a ziggurat
138628 | Zig:8    | Paralysed by accursed screaming for 1 turns
138682 | Zig:8    | Got a glittering amber ring
138683 | Zig:8    | Identified the ring of Ypriol {rPois rC++ MP+9 Stlth+} (You found it on level 8 of a ziggurat)
138717 | Zig:9    | Entered Level 9 of a ziggurat
138823 | Zig:9    | Got a scintillating ivory ring
138825 | Zig:9    | Identified the ring of Xijatz {-Tele rF+ Dex+8 Slay+3 Stlth+} (You found it on level 9 of a ziggurat)
138854 | Zig:10   | Entered Level 10 of a ziggurat
138862 | Zig:10   | Noticed a greater mummy
138882 | Zig:10   | Noticed a greater mummy
138885 | Zig:10   | Noticed a greater mummy
138889 | Zig:10   | Reached ****** piety under Makhleb
138890 | Zig:10   | Killed a greater mummy
138902 | Zig:10   | Killed a greater mummy
138909 | Zig:10   | Killed a greater mummy
138937 | Zig:10   | Got a vibrating pewter ring
138938 | Zig:10   | Identified the ring "Uloluibi" {+Blink rElec Int+2 SInv} (You found it on level 10 of a ziggurat)
138941 | Zig:10   | Got a clouded turquoise ring
138942 | Zig:10   | Identified the ring of Tierumm {rN+ Dex+2 Slay+3 Stlth+} (You found it on level 10 of a ziggurat)
138953 | Zig:11   | Entered Level 11 of a ziggurat
139074 | Zig:11   | Identified the Reference Book on Igneous Enchantment
139094 | Zig:12   | Entered Level 12 of a ziggurat
139178 | Zig:12   | Identified Giaciw's Collected Works on the Shifting Escort
139184 | Zig:12   | Identified the Disquisition on Dark Magic
139209 | Zig:13   | Entered Level 13 of a ziggurat
139228 | Zig:13   | Noticed an ancient lich
139230 | Zig:13   | Noticed an ancient lich
139231 | Zig:13   | Noticed an ancient lich
139244 | Zig:13   | Killed an ancient lich
139248 | Zig:13   | Killed an ancient lich
139253 | Zig:13   | Killed an ancient lich
139278 | Zig:13   | Identified the Tome of the Enthralling Compass
139296 | Zig:14   | Entered Level 14 of a ziggurat
139311 | Zig:14   | Noticed Qittox the pandemonium lord
139312 | Zig:14   | Noticed Uteahaq the pandemonium lord
139313 | Zig:14   | Noticed Luoleyso the pandemonium lord
139316 | Zig:14   | Noticed Sesakeoh the pandemonium lord
139322 | Zig:14   | Killed Uteahaq the pandemonium lord
139330 | Zig:14   | Killed Qittox the pandemonium lord
139332 | Zig:14   | Noticed Feludwia the pandemonium lord
139333 | Zig:14   | Killed Luoleyso the pandemonium lord
139357 | Zig:14   | Killed Sesakeoh the pandemonium lord
139370 | Zig:14   | Killed Feludwia the pandemonium lord
139388 | Zig:14   | Got a pair of transparent gloves
139389 | Zig:14   | Identified the +2 pair of gloves of Wonder {-Cast rF+ Int+5 Stlth+} (You found it on level 14 of a ziggurat)
139397 | Zig:14   | Identified the Collected Works on Battle Magic and the Escort
139417 | Zig:14   | Identified a +2 rod of shadows (14/14) (You found it on level 14 of a ziggurat)
139432 | Zig:14   | Learned a level 9 spell: Fire Storm
139456 | Zig:15   | Entered Level 15 of a ziggurat
139474 | Zig:15   | Noticed an ancient lich
139497 | Zig:15   | Noticed an ancient lich
139497 | Zig:15   | Killed an ancient lich
139498 | Zig:15   | Noticed an ancient lich
139515 | Zig:15   | Noticed an ancient lich
139535 | Zig:15   | Killed an ancient lich
139555 | Zig:15   | Killed an ancient lich
139563 | Zig:15   | Killed an ancient lich
139655 | Zig:15   | Identified Tifunedo's Second Course in Theurgy
139666 | Zig:16   | Entered Level 16 of a ziggurat
139717 | Zig:16   | Was forgiven by Zin
139798 | Zig:16   | Got a faintly glowing tin ring
139799 | Zig:16   | Identified the ring "Hyrr" {rCorr MR- Dex+8} (You found it on level 16 of a ziggurat)
139859 | Zig:17   | Entered Level 17 of a ziggurat
140015 | Zig:18   | Entered Level 18 of a ziggurat
140076 | Zig:18   | Paralysed by accursed screaming for 1 turns
140085 | Zig:18   | Paralysed by accursed screaming for 1 turns
140089 | Zig:18   | Paralysed by accursed screaming for 2 turns
140151 | Zig:18   | Got a scorched ivory ring
140152 | Zig:18   | Identified the ring of Monotheism {AC+2 Int+2} (You found it on level 18 of a ziggurat)
140155 | Zig:18   | Identified the Incunabulum of Conjuration
140161 | Zig:18   | Identified a +5 rod of inaccuracy (11/11) (You found it on level 18 of a ziggurat)
140178 | Zig:18   | Identified a +4 rod of clouds (14/14) (You found it on level 18 of a ziggurat)
140185 | Zig:18   | Got a twitching iron ring
140186 | Zig:18   | Identified the ring "Xovotwy" {Fire Int+3} (You found it on level 18 of a ziggurat)
140214 | Zig:19   | Entered Level 19 of a ziggurat
140349 | Zig:19   | Got a brightly glowing long sword
140350 | Zig:19   | Identified the +0 long sword of Kuergharr {vamp, *Rage rF++ rC++} (You found it on level 19 of a ziggurat)
140363 | Zig:19   | Identified a +3 rod of ignition (11/11) (You found it on level 19 of a ziggurat)
140379 | Zig:19   | Identified a +7 rod of ignition (12/12) (You found it on level 19 of a ziggurat)
140395 | Zig:20   | Entered Level 20 of a ziggurat
140420 | Zig:20   | Noticed an ancient lich
140428 | Zig:20   | Noticed an ancient lich
140428 | Zig:20   | Noticed an ancient lich
140458 | Zig:20   | Reached skill level 27 in Necromancy
140460 | Zig:20   | Killed an ancient lich
140467 | Zig:20   | Killed an ancient lich
140584 | Zig:21   | Entered Level 21 of a ziggurat
140706 | Zig:21   | Identified Fotiki's Papyrus of Heat and Feathers
140725 | Zig:21   | Identified the Papyrus of Aerial Contamination
140756 | Zig:22   | Entered Level 22 of a ziggurat
140782 | Zig:22   | Noticed an ancient lich
140790 | Zig:22   | Noticed an ancient lich
140800 | Zig:22   | Killed an ancient lich
140805 | Zig:22   | Noticed an ancient lich
140811 | Zig:22   | Killed an ancient lich
140833 | Zig:22   | Killed an ancient lich
140869 | Zig:22   | Reached skill level 27 in Long Blades
140899 | Zig:22   | Got a flickering amethyst amulet
140900 | Zig:22   | Identified the amulet of Descent {+Rage rF+ MP+9 Dex+4 Slay+2} (You found it on level 22 of a ziggurat)
140966 | Zig:23   | Entered Level 23 of a ziggurat
140990 | Zig:23   | Reached skill level 27 in Evocations
141060 | Zig:23   | Got a twitching copper ring
141062 | Zig:23   | Identified the ring "Visy" {Ice +Fly Dex+2 Stlth+} (You found it on level 23 of a ziggurat)
141083 | Zig:24   | Entered Level 24 of a ziggurat
141110 | Zig:24   | Noticed Fitil the pandemonium lord
141117 | Zig:24   | Cast into level 5 of the Abyss (Fitil)
141117 | Abyss:5  | Entered Level 5 of the Abyss
141146 | Abyss:5  | Found a corrupted altar of Lugonu.
141176 | Zig:24   | Escaped the Abyss
141178 | Zig:24   | Killed Fitil the pandemonium lord
141209 | Zig:24   | Gained mutation: You are partially covered in slimy green scales (AC +2). [a cacodemon]
141260 | Zig:24   | Paralysed by accursed screaming for 1 turns
141593 | Zig:24   | Got a scintillating lead ring
141594 | Zig:24   | Identified the ring of Zin's Anger {rC++ rN++ Int-4 Stlth-} (You found it on level 24 of a ziggurat)
141597 | Zig:24   | Identified Uddoux's Tome of Flames and Air
141618 | Zig:24   | Identified Sif Muna's Catalogue of Scorching Intoxication (You found it on level 24 of a ziggurat)
141640 | Zig:24   | Gained mutation: You are partially covered in iridescent scales (AC +4). [potion of beneficial mutation]
141646 | Zig:25   | Entered Level 25 of a ziggurat
141679 | Zig:25   | Noticed a juggernaut
141690 | Zig:25   | Killed a juggernaut
141834 | Zig:25   | Got a brightly glowing crystal amulet
141835 | Zig:25   | Identified the amulet "Ytuc" {RegenMP rC+ rN+ Stlth+} (You found it on level 25 of a ziggurat)
141899 | Zig:25   | Identified Zesymi Ogo's Catalogue of the Creative Glacier
141921 | Zig:26   | Entered Level 26 of a ziggurat
141938 | Zig:26   | Noticed Wepilot the pandemonium lord
141940 | Zig:26   | Noticed Zetammalox the pandemonium lord
141941 | Zig:26   | Noticed Rajuif the pandemonium lord
141943 | Zig:26   | Noticed Rigocsoo the pandemonium lord
141943 | Zig:26   | Noticed Igguprus the pandemonium lord
141944 | Zig:26   | Noticed Reapaug the pandemonium lord
141944 | Zig:26   | Noticed Hiotit the pandemonium lord
141944 | Zig:26   | Noticed Hewaror the pandemonium lord
141945 | Zig:26   | Noticed Odamme Kisy the pandemonium lord
141946 | Zig:26   | Noticed Fuaceqee the pandemonium lord
141946 | Zig:26   | Noticed Paerihug the pandemonium lord
141949 | Zig:26   | Noticed Dupragoril the pandemonium lord
141950 | Zig:26   | Noticed Ysoare the pandemonium lord
141952 | Zig:26   | Noticed Tufeocw the pandemonium lord
141953 | Zig:26   | Noticed Utaciem the pandemonium lord
141955 | Zig:26   | Noticed Deitesi the pandemonium lord
141955 | Zig:26   | Killed Zetammalox the pandemonium lord
141958 | Zig:26   | Noticed Xyqad the pandemonium lord
141960 | Zig:26   | Noticed Ymaixuha the pandemonium lord
141960 | Zig:26   | Killed Wepilot the pandemonium lord
141961 | Zig:26   | Killed Igguprus the pandemonium lord
141961 | Zig:26   | Killed Paerihug the pandemonium lord
141979 | Zig:26   | Killed Rajuif the pandemonium lord
141979 | Zig:26   | Reached skill level 27 in Air Magic
141983 | Zig:26   | Killed Utaciem the pandemonium lord
141988 | Zig:26   | Noticed Decacylegh the pandemonium lord
141988 | Zig:26   | Noticed Vuuteva the pandemonium lord
141988 | Zig:26   | Noticed Ecogamn the pandemonium lord
141988 | Zig:26   | Noticed Oqawki the pandemonium lord
141994 | Zig:26   | Noticed Benadem the pandemonium lord
141997 | Zig:26   | Noticed Zucw the pandemonium lord
141998 | Zig:26   | Noticed Tasot the pandemonium lord
141999 | Zig:26   | Killed Vuuteva the pandemonium lord
142003 | Zig:26   | Noticed Lated the pandemonium lord
142006 | Zig:26   | Noticed Pisanonn the pandemonium lord
142006 | Zig:26   | Killed Xyqad the pandemonium lord
142007 | Zig:26   | Killed Rigocsoo the pandemonium lord
142008 | Zig:26   | Killed Ysoare the pandemonium lord
142008 | Zig:26   | Killed Decacylegh the pandemonium lord
142011 | Zig:26   | Noticed Qoh Syu the pandemonium lord
142014 | Zig:26   | Killed Benadem the pandemonium lord
142016 | Zig:26   | Killed Tufeocw the pandemonium lord
142017 | Zig:26   | Killed Qoh Syu the pandemonium lord
142017 | Zig:26   | Reached skill level 27 in Spellcasting
142018 | Zig:26   | Killed Ymaixuha the pandemonium lord
142018 | Zig:26   | Killed Tasot the pandemonium lord
142018 | Zig:26   | Killed Fuaceqee the pandemonium lord
142020 | Zig:26   | Killed Pisanonn the pandemonium lord
142020 | Zig:26   | Killed Ecogamn the pandemonium lord
142025 | Zig:26   | Killed Dupragoril the pandemonium lord
142025 | Zig:26   | Cast into level 3 of the Abyss (Odamme Kisy)
142103 | Abyss:3  | Gained mutation: You can translocate small distances at will. [potion of mutation]
142103 | Abyss:3  | Gained mutation: Your spells are a little harder to cast, but a little more powerful. [potion of mutation]
142103 | Abyss:3  | Gained mutation: You are frail (-10% HP). [potion of mutation]
142104 | Abyss:3  | Lost mutation: Your spells are a little harder to cast, but a little more powerful. [potion of cure mutation]
142104 | Abyss:3  | Lost mutation: You are partially covered in slimy green scales (AC +2). [potion of cure mutation]
142104 | Abyss:3  | Lost mutation: You can translocate small distances at will. [potion of cure mutation]
142104 | Abyss:3  | Lost mutation: You are frail (-10% HP). [potion of cure mutation]
142166 | Zig:26   | Escaped the Abyss
142192 | Zig:26   | Killed Oqawki the pandemonium lord
142192 | Zig:26   | Killed Zucw the pandemonium lord
142193 | Zig:26   | Killed Deitesi the pandemonium lord
142194 | Zig:26   | Killed Odamme Kisy the pandemonium lord
142202 | Zig:26   | Killed Reapaug the pandemonium lord
142206 | Zig:26   | Killed Hiotit the pandemonium lord
142209 | Zig:26   | Killed Lated the pandemonium lord
142215 | Zig:26   | Killed Hewaror the pandemonium lord
142215 | Zig:26   | Reached skill level 27 in Shields
142399 | Zig:26   | Gained mutation: Your spells are a little easier to cast, but a little less powerful. [potion of mutation]
142399 | Zig:26   | Lost mutation: Your spells are a little easier to cast, but a little less powerful. [potion of mutation]
142399 | Zig:26   | Gained mutation: Your tail ends in a poisonous barb. [potion of mutation]
142440 | Zig:27   | Entered Level 27 of a ziggurat
142500 | Zig:27   | HP: 14/285 [demonic crawler (9)]
142583 | Zig:27   | Gained mutation: Your spells are a little easier to cast, but a little less powerful. [mutagenic glow]
143059 | Zig:1    | Entered Level 1 of a ziggurat
143096 | Zig:2    | Entered Level 2 of a ziggurat
143133 | Zig:3    | Entered Level 3 of a ziggurat
143172 | Zig:4    | Entered Level 4 of a ziggurat
143217 | Zig:4    | Got a smoking granite ring
143218 | Zig:4    | Identified the cursed ring "Zynuxt" {rN+ Str+2 Dex-4 Slay-4 SInv} (You found it on level 4 of a ziggurat)
143226 | Zig:5    | Entered Level 5 of a ziggurat
143239 | Zig:5    | Reached skill level 5 in Translocations
143292 | Zig:6    | Entered Level 6 of a ziggurat
143302 | Zig:6    | Noticed an ancient lich
143313 | Zig:6    | Killed an ancient lich
143330 | Zig:7    | Entered Level 7 of a ziggurat
143339 | Zig:7    | Paralysed by accursed screaming for 1 turns
143346 | Zig:7    | Paralysed by accursed screaming for 1 turns
143360 | Zig:7    | Paralysed by accursed screaming for 2 turns
143367 | Zig:7    | Paralysed by accursed screaming for 2 turns
143452 | Zig:8    | Entered Level 8 of a ziggurat
143481 | Zig:8    | Identified the Almanac of Displaced Bewitchment
143508 | Zig:9    | Entered Level 9 of a ziggurat
143570 | Zig:10   | Entered Level 10 of a ziggurat
143592 | Zig:10   | Reached skill level 10 in Translocations
143674 | Zig:11   | Entered Level 11 of a ziggurat
143689 | Zig:11   | Noticed an ancient lich
143715 | Zig:11   | Killed an ancient lich
143776 | Zig:12   | Entered Level 12 of a ziggurat
143932 | Zig:12   | Identified the Collected Works on Attacks
143935 | Zig:12   | Got a pair of spiked gloves
143936 | Zig:12   | Identified the +1 pair of gloves of the Ant {rElec} (You found it on level 12 of a ziggurat)
143995 | Zig:13   | Entered Level 13 of a ziggurat
144027 | Zig:13   | Paralysed by accursed screaming for 2 turns
144062 | Zig:13   | Reached skill level 1 in Conjurations
144062 | Zig:13   | Reached skill level 1 in Fire Magic
144064 | Zig:13   | Identified The Arcane Secrets of Thaumaturgy
144091 | Zig:14   | Entered Level 14 of a ziggurat
144255 | Zig:15   | Entered Level 15 of a ziggurat
144263 | Zig:15   | Noticed a greater mummy
144263 | Zig:15   | Noticed a greater mummy
144263 | Zig:15   | Noticed a greater mummy
144264 | Zig:15   | Noticed a greater mummy
144270 | Zig:15   | Noticed a greater mummy
144274 | Zig:15   | Killed a greater mummy
144275 | Zig:15   | Noticed a greater mummy
144276 | Zig:15   | Noticed a greater mummy
144278 | Zig:15   | Noticed a greater mummy
144279 | Zig:15   | Killed a greater mummy
144279 | Zig:15   | Killed a greater mummy
144280 | Zig:15   | Killed a greater mummy
144284 | Zig:15   | Killed a greater mummy
144289 | Zig:15   | Killed a greater mummy
144289 | Zig:15   | Reached skill level 27 in Armour
144289 | Zig:15   | Reached skill level 15 in Translocations
144293 | Zig:15   | Killed a greater mummy
144296 | Zig:15   | Killed a greater mummy
144351 | Zig:15   | Identified the Incunabulum of Attacks
144380 | Zig:16   | Entered Level 16 of a ziggurat
144385 | Zig:16   | Noticed a greater mummy
144386 | Zig:16   | Noticed a greater mummy
144386 | Zig:16   | Noticed a greater mummy
144392 | Zig:16   | Noticed a greater mummy
144394 | Zig:16   | Noticed a greater mummy
144396 | Zig:16   | Killed a greater mummy
144402 | Zig:16   | Noticed a greater mummy
144408 | Zig:16   | Killed a greater mummy
144410 | Zig:16   | Killed a greater mummy
144411 | Zig:16   | Killed a greater mummy
144411 | Zig:16   | Killed a greater mummy
144412 | Zig:16   | Killed a greater mummy
144472 | Zig:17   | Entered Level 17 of a ziggurat
144520 | Zig:17   | Identified the Reference Book on Flames
144581 | Zig:18   | Entered Level 18 of a ziggurat
144592 | Zig:18   | Paralysed by accursed screaming for 1 turns
144670 | Zig:19   | Entered Level 19 of a ziggurat
144814 | Zig:19   | Reached skill level 1 in Axes
144833 | Zig:20   | Entered Level 20 of a ziggurat
144843 | Zig:20   | Noticed an ancient lich
144844 | Zig:20   | Noticed an ancient lich
144844 | Zig:20   | Noticed an ancient lich
144853 | Zig:20   | Killed an ancient lich
144856 | Zig:20   | Killed an ancient lich
144858 | Zig:20   | Killed an ancient lich
144903 | Zig:20   | Got a brightly glowing iron amulet
144904 | Zig:20   | Identified the amulet of Tineeh {+Rage MR+} (You found it on level 20 of a ziggurat)
144916 | Zig:21   | Entered Level 21 of a ziggurat
145099 | Zig:22   | Entered Level 22 of a ziggurat
145104 | Zig:22   | Noticed a greater mummy
145104 | Zig:22   | Noticed a greater mummy
145104 | Zig:22   | Noticed a greater mummy
145104 | Zig:22   | Noticed a greater mummy
145104 | Zig:22   | Noticed a greater mummy
145104 | Zig:22   | Noticed a greater mummy
145105 | Zig:22   | Noticed a greater mummy
145105 | Zig:22   | Noticed a greater mummy
145105 | Zig:22   | Noticed a greater mummy
145105 | Zig:22   | Noticed a greater mummy
145105 | Zig:22   | Noticed a greater mummy
145105 | Zig:22   | Noticed a greater mummy
145105 | Zig:22   | Noticed a greater mummy
145105 | Zig:22   | Noticed a greater mummy
145106 | Zig:22   | Noticed a greater mummy
145117 | Zig:22   | Reached skill level 27 in Translocations
145117 | Zig:22   | Reached skill level 5 in Fire Magic
145119 | Zig:22   | Reached skill level 5 in Conjurations
145120 | Zig:22   | Killed a greater mummy
145121 | Zig:22   | Killed a greater mummy
145121 | Zig:22   | Killed a greater mummy
145122 | Zig:22   | Killed a greater mummy
145123 | Zig:22   | Killed a greater mummy
145123 | Zig:22   | Killed a greater mummy
145124 | Zig:22   | Killed a greater mummy
145124 | Zig:22   | Reached skill level 5 in Axes
145124 | Zig:22   | Killed a greater mummy
145125 | Zig:22   | Killed a greater mummy
145128 | Zig:22   | Killed a greater mummy
145129 | Zig:22   | Killed a greater mummy
145129 | Zig:22   | Reached skill level 15 in Dodging
145130 | Zig:22   | Killed a greater mummy
145131 | Zig:22   | Killed a greater mummy
145134 | Zig:22   | Killed a greater mummy
145137 | Zig:22   | Killed a greater mummy
145159 | Zig:22   | Identified the Grimoire of Excruciating Toxins
145186 | Zig:23   | Entered Level 23 of a ziggurat
145200 | Zig:23   | Reached skill level 10 in Fire Magic
145200 | Zig:23   | Reached skill level 10 in Conjurations
145299 | Zig:23   | Identified the Incunabulum of the Frostbite and Fascination
145302 | Zig:23   | Got a transparent copper ring
145303 | Zig:23   | Identified the cursed ring "Fephiorch" {rF+ rC++ Str-2} (You found it on level 23 of a ziggurat)
145328 | Zig:24   | Entered Level 24 of a ziggurat
145390 | Zig:24   | Got a faintly glowing wooden ring
145396 | Zig:24   | Got a smoking large shield
145407 | Zig:24   | Identified the +2 large shield of Vexation {+Inv Str+2} (You acquired it on level 24 of a ziggurat)
145542 | Zig:24   | Gained mutation: You have an increased reservoir of magic (+10% MP). [potion of beneficial mutation]
145554 | Zig:24   | Identified the ring of the Eight Tales {Wiz Str+2} (You found it on level 24 of a ziggurat)
145560 | Zig:25   | Entered Level 25 of a ziggurat
145567 | Zig:25   | Noticed Zonuriec the pandemonium lord
145567 | Zig:25   | Noticed Vewa the pandemonium lord
145568 | Zig:25   | Noticed Purphimiat the pandemonium lord
145570 | Zig:25   | Noticed Tuh Qotonus the pandemonium lord
145571 | Zig:25   | Noticed Udeolir the pandemonium lord
145574 | Zig:25   | Noticed Qeymeg the pandemonium lord
145575 | Zig:25   | Noticed Meox Luy the pandemonium lord
145579 | Zig:25   | Noticed Xoteffua the pandemonium lord
145579 | Zig:25   | Noticed Isumnuis the pandemonium lord
145583 | Zig:25   | Noticed Tesaz the pandemonium lord
145583 | Zig:25   | Noticed Measm the pandemonium lord
145583 | Zig:25   | Noticed Miafrih the pandemonium lord
145583 | Zig:25   | Noticed Haihiug the pandemonium lord
145583 | Zig:25   | Noticed Fosicwuc the pandemonium lord
145583 | Zig:25   | Noticed Wechit the pandemonium lord
145583 | Zig:25   | Noticed Satean the pandemonium lord
145583 | Zig:25   | Noticed Haefuhei the pandemonium lord
145583 | Zig:25   | Noticed Uly Meh the pandemonium lord
145583 | Zig:25   | Noticed Fube Cau the pandemonium lord
145584 | Zig:25   | Noticed Lyrilen the pandemonium lord
145587 | Zig:25   | Killed Tesaz the pandemonium lord
145590 | Zig:25   | Noticed Qogruif the pandemonium lord
145591 | Zig:25   | Noticed Orhieph the pandemonium lord
145594 | Zig:25   | Killed Haihiug the pandemonium lord
145594 | Zig:25   | Killed Uly Meh the pandemonium lord
145596 | Zig:25   | Noticed Gyniari the pandemonium lord
145597 | Zig:25   | Noticed Hanooqut the pandemonium lord
145601 | Zig:25   | Noticed Cyfuuk the pandemonium lord
145601 | Zig:25   | Noticed Qeng the pandemonium lord
145602 | Zig:25   | Killed Wechit the pandemonium lord
145605 | Zig:25   | Killed Fosicwuc the pandemonium lord
145605 | Zig:25   | Killed Satean the pandemonium lord
145605 | Zig:25   | Killed Orhieph the pandemonium lord
145605 | Zig:25   | Killed Miafrih the pandemonium lord
145607 | Zig:25   | Killed Measm the pandemonium lord
145607 | Zig:25   | Killed Fube Cau the pandemonium lord
145613 | Zig:25   | Killed Haefuhei the pandemonium lord
145618 | Zig:25   | Noticed Ifiymp the pandemonium lord
145618 | Zig:25   | Killed Qeng the pandemonium lord
145623 | Zig:25   | Killed Purphimiat the pandemonium lord
145623 | Zig:25   | Reached skill level 15 in Fire Magic
145626 | Zig:25   | Killed Hanooqut the pandemonium lord
145626 | Zig:25   | Reached skill level 15 in Conjurations
145629 | Zig:25   | Killed Qogruif the pandemonium lord
145632 | Zig:25   | Killed Cyfuuk the pandemonium lord
145632 | Zig:25   | Killed Meox Luy the pandemonium lord
145641 | Zig:25   | Noticed Qumidd the pandemonium lord
145643 | Zig:25   | Noticed Vurad the pandemonium lord
145645 | Zig:25   | Killed Vewa the pandemonium lord
145649 | Zig:25   | Killed Ifiymp the pandemonium lord
145650 | Zig:25   | Noticed Vaopla Konk the pandemonium lord
145653 | Zig:25   | Killed Qeymeg the pandemonium lord
145653 | Zig:25   | Killed Qumidd the pandemonium lord
145655 | Zig:25   | Killed Xoteffua the pandemonium lord
145658 | Zig:25   | Killed Udeolir the pandemonium lord
145658 | Zig:25   | Killed Tuh Qotonus the pandemonium lord
145663 | Zig:25   | Noticed Luwocwasoi the pandemonium lord
145666 | Zig:25   | Killed Vurad the pandemonium lord
145668 | Zig:25   | Killed Lyrilen the pandemonium lord
145673 | Zig:25   | Slain by Vaopla Konk the pandemonium lord

Skill      XL: |  1  2  3  4  5  6  7  8  9 10 11 12 13 14 15 16 17 18 19 20 21 22 23 24 25 26 27 |
---------------+----------------------------------------------------------------------------------+-----
Dodging        | 1 2 3 4 5 6 7 18 | 18.7
Long Blades    | 3 4 5 7 9 10 12 13 15 16 17 18 19 20 21 22 23 24 27 | 27.0
Armour         | 3 4 5 6 7 8 9 10 11 12 13 27 | 27.0
Shields        | 3 4 5 6 7 9 10 11 13 14 15 16 17 27 | 27.0
Evocations     | 1 2 3 5 6 7 8 9 10 11 12 13 14 15 16 17 18 27 | 27.0
Fighting       | 4 5 6 7 8 9 10 11 12 13 14 15 16 24 | 24.1
Polearms       | 4 7 |  7.1
Invocations    | 21 | 21.5
Charms         | 4 |  4.2
Necromancy     | 27 | 27.0
Transmutations | 21 | 21.8
Air Magic      | 27 | 27.0
Spellcasting   | 27 | 27.0
Translocations | 27 | 27.0
Conjurations   | 15 | 15.9
Fire Magic     | 16 | 16.0
Axes           | 6 |  6.8
Crossbows      | |  0.5

Action                   |  1- 3 |  4- 6 |  7- 9 | 10-12 | 13-15 | 16-18 | 19-21 | 22-24 | 25-27 || total
-------------------------+-------+-------+-------+-------+-------+-------+-------+-------+-------++-------
Melee: Long sword        |    70 |   179 |    16 |       |       |       |       |       |       ||   265
       Scimitar          |       |       |   455 |   873 |   954 |  1037 |  1445 |   834 |  1491 ||  7089
       Constrict         |       |       |       |       |   245 |   341 |   235 |   155 |  2336 ||  3312
       Great sword       |       |       |       |       |    72 |       |       |       |       ||    72
       Spear             |       |       |       |       |   289 |   632 |       |       |       ||   921
       Double sword      |       |       |       |       |       |       |       |     3 |  6098 ||  6101
       Eudemon blade     |       |       |       |       |       |       |       |       |  5600 ||  5600
       Staff             |       |       |       |       |       |       |       |       |   275 ||   275
       Tailslap          |       |       |       |       |       |       |       |       |   202 ||   202
       Peck              |       |       |       |       |       |       |       |       |    12 ||    12
 Fire: Arbalest          |       |       |       |       |       |       |    11 |       |       ||    11
 Cast: Necromutation     |       |       |       |       |       |       |       |       |    88 ||    88
       Tornado           |       |       |       |       |       |       |       |       |    50 ||    50
       Controlled Blink  |       |       |       |       |       |       |       |       |    14 ||    14
       Deflect Missiles  |       |       |       |       |       |       |       |       |    14 ||    14
Invok: Donate Gold       |       |       |       |       |       |       |       |       |     5 ||     5
       Cleansing Flame   |       |       |       |       |       |       |       |       |    70 ||    70
       Divine Shield     |       |       |       |       |       |       |       |       |    28 ||    28
       Vitalisation      |       |       |       |       |       |       |       |       |    15 ||    15
       Summon Divine War |       |       |       |       |       |       |       |       |     3 ||     3
       Recite            |       |       |       |       |       |       |       |       |     2 ||     2
       Sanctuary         |       |       |       |       |       |       |       |       |     2 ||     2
       Brand Weapon With |       |       |       |       |       |       |       |       |     1 ||     1
       Major Destruction |       |       |       |       |       |       |       |       |     1 ||     1
 Abil: Spit Poison       |     1 |     4 |    10 |     8 |       |     6 |       |       |     1 ||    30
       Evoke Blink       |       |       |       |       |       |       |       |     1 |     7 ||     8
       Evoke Invisibilit |       |       |       |       |       |       |       |       |     6 ||     6
       End Transformatio |       |       |       |       |       |       |       |       |     2 ||     2
Evoke: Deck              |       |     2 |    19 |    32 |    48 |    91 |    77 |    74 |   190 ||   533
       Wand              |       |       |       |    15 |     3 |    20 |     4 |     7 |   137 ||   186
       Fan of gales      |       |       |       |       |       |     1 |     2 |     1 |     7 ||    11
       Box of beasts     |       |       |       |       |       |       |       |     3 |     1 ||     4
       Stone of tremors  |       |       |       |       |       |       |       |     3 |    22 ||    25
       Phial of floods   |       |       |       |       |       |       |       |     1 |     2 ||     3
       Disc of storms    |       |       |       |       |       |       |       |       |   437 ||   437
       Rod               |       |       |       |       |       |       |       |       |    15 ||    15
       Phantom mirror    |       |       |       |       |       |       |       |       |    10 ||    10
       Lamp of fire      |       |       |       |       |       |       |       |       |     8 ||     8
       Figurine of a zig |       |       |       |       |       |       |       |       |     3 ||     3
  Use: Potion            |       |     3 |     4 |     8 |    12 |     9 |    10 |     4 |   114 ||   164
       Scroll            |       |     2 |    14 |    14 |     9 |    18 |    11 |     8 |   184 ||   260
 Stab: Confused          |       |       |       |     1 |       |       |       |       |     6 ||     7
       Petrifying        |       |       |       |     1 |       |       |       |       |     2 ||     3
       Invisible         |       |       |       |       |     2 |       |    13 |       |    39 ||    54
       Paralysed         |       |       |       |       |       |     6 |       |       |       ||     6
       Distracted        |       |       |       |       |       |     5 |       |       |    11 ||    16
       Betrayed ally     |       |       |       |       |       |     1 |       |       |       ||     1
       Sleeping          |       |       |       |       |       |       |       |     2 |       ||     2
       Petrified         |       |       |       |       |       |       |       |       |     1 ||     1
  Eat: Chunk             |       |     5 |    10 |     9 |    23 |     8 |     3 |       |     4 ||    62
       Beef jerky        |       |     1 |       |     1 |     1 |     4 |     1 |       |     7 ||    15
       Fruit             |       |       |     4 |       |       |       |       |       |       ||     4
       Pizza             |       |       |     1 |     1 |     2 |     1 |     1 |       |     7 ||    13
       Bread ration      |       |       |       |     3 |     3 |     2 |     2 |     2 |    31 ||    43
       Meat ration       |       |       |       |     1 |     1 |     3 |     4 |     1 |    26 ||    36
       Royal jelly       |       |       |       |       |     1 |     2 |       |       |     6 ||     9
Armor: Scale mail        |    34 |   108 |   200 |       |       |       |       |       |       ||   342
       Plate armour      |       |       |    12 |   543 |   820 |   760 |   590 |    38 |  3037 ||  5800
       Fire dragon armou |       |       |       |       |       |       |    12 |   188 |       ||   200
       Crystal plate arm |       |       |       |       |       |       |       |       |  3202 ||  3202
Dodge: Dodged            |    13 |    50 |   122 |   250 |   335 |   507 |   364 |   176 |  6023 ||  7840
       Deflected         |       |       |       |       |       |       |       |       |   183 ||   183
Block: Shield            |    34 |   110 |   180 |       |       |   990 |   603 |   272 | 12111 || 14300
       Buckler           |       |       |    20 |   214 |   362 |   374 |       |       |       ||   970
       Reflection        |       |       |       |       |       |    58 |    60 |   148 |   562 ||   828
       Large shield      |       |       |       |       |       |       |   897 |   561 |  7803 ||  9261
       Other             |       |       |       |       |       |       |    15 |       |     1 ||    16
